 Dungeon Crawl Stone Soup version 0.31-a0-1376-g36f0627 (webtiles) character file.

Game seed: 8311570027738888914

16463484 rotlqkf the Conqueror (level 27, 226/226 HPs)
             Began as a Felid Berserker on Dec 23, 2023.
             Was the Champion of the Shining One.
             Escaped with the Orb
             ... and 15 runes on Dec 24, 2023!
             The game lasted 04:12:03 (94787 turns).

rotlqkf the Conqueror (Felid Berserker)            Turns: 94787, Time: 04:12:04

Health: 226/226    AC: 42    Str: 31    XL:     27
Magic:  53/55      EV: 41    Int: 14    God:    the Shining One [******]
Gold:   11776      SH:  0    Dex: 19    Spells: 65/80 levels left
                                        Lives:  2   Deaths: 3

rFire   + .          .
                       - Unarmed
rCold   + . .        (shield unavailable)
rNeg    + + +        (body armour unavailable)
rPois   ∞            (helmet unavailable)
rElec   +            (cloak unavailable)
rCorr   .            (gloves unavailable)
SInv    +            (boots unavailable)
Will    +++++        Y - amulet of Ahebiti {Regen+ Dex+3 Stlth-}
Stlth   +            C - ring of Abstinence {rC+ rN+ Str+6 Int-5}
HPRegen 1.37/turn    y - ring of Equivalence {Will+ AC+4 Str+4}
MPRegen 0.34/turn

%: clarity
@: statue-form, glowing, very slow
A: slow and powerful, torment resistance 1, boosted hp, very small, claws 1,
fangs 3, see invisible, (shaggy fur 3), stealthy paws, no weapons or thrown
items, no armour, multi-lived, clarity, clumsy 1, fire resistance 1, wild magic
1, inability to read after injury 1
0: Orb of Zot
}: 15/15 runes: serpentine, barnacled, slimy, silver, golden, iron, obsidian,
icy, bone, abyssal, demonic, glowing, magical, fiery, dark
a: Begin Untransformation, Renounce Religion, Evoke Blink, Divine Shield,
Cleansing Flame, Summon Divine Warrior


You escaped.
You worshipped the Shining One.
The Shining One was exalted by your worship.
You were a living statue of rough stone.
You visited 18 branches of the dungeon, and saw 88 of its levels.
You visited Pandemonium 1 time, and saw 19 of its levels.
You visited the Abyss 1 time.
You also visited: Bailey, Volcano and Wizlab.

You collected 17252 gold pieces.
You spent 5476 gold pieces at shops.

Inventory:

Armour
 s - the +5 moon troll leather armour {Spirit, Regen++ MP+5}
   (You took it off a moon troll in a wizard's laboratory)

   MP+5:      It affects your magic capacity (+5).
   Regen++:   It increases your rate of health regeneration.
Jewellery
 b - the ring "Keoliob" {*Slow rPois rN+ Will+ SInv}
   (You took it off a balrug on level 7 of Gehenna)

   [ring of poison resistance]

   rPois:     It protects you from poison rN+: It protects you from negative
   energy.
   Will+:     It increases your willpower.
   SInv:      It lets you see invisible.
   *Slow:     It may slow you when you take damage.
 g - a ring of resist corrosion
 h - the ring of Ylenu {rElec rPois rF+}
   (You found it on level 5 of the Pits of Slime)

   [ring of protection from fire]

   rF+:       It protects you from fire.
   rElec:     It insulates you from electricity.
   rPois:     It protects you from poison
 j - the ring of Hune Cyu {rElec rPois rC- rN+ SInv}
   (You took it off a balrug in Pandemonium)

   [ring of poison resistance]

   rC-:       It makes you vulnerable to cold.
   rElec:     It insulates you from electricity.
   rPois:     It protects you from poison rN+: It protects you from negative
   energy.
   SInv:      It lets you see invisible.
 l - the ring "Piestr Doci" {rC+ Will+ Int+3}
   (You found it on level 3 of the Crypt)

   [ring of willpower]

   Int+3:     It affects your intelligence (+3).
   rC+:       It protects you from cold.
   Will+:     It increases your willpower.
 y - the ring of Equivalence (right paw) {Will+ AC+4 Str+4}
   (You bought it in a shop on level 1 of the Orcish Mines)

   [ring of protection]

   AC+4:      It affects your AC (+4).
   Str+4:     It affects your strength (+4).
   Will+:     It increases your willpower.
 C - the ring of Abstinence (left paw) {rC+ rN+ Str+6 Int-5}
   (You took it off a deep elf zephyrmancer on level 3 of the Elven Halls)

   [ring of strength]

   Str+6:     It affects your strength (+6).
   Int-5:     It affects your intelligence (-5).
   rC+:       It protects you from cold.
   rN+:       It protects you from negative energy.
 F - the ring "Usajaocs" {rC+ Str+2 SInv}
   (You found it in a wizard's laboratory)

   [ring of protection from cold]

   Str+2:     It affects your strength (+2).
   rC+:       It protects you from cold.
   SInv:      It lets you see invisible.
 G - the ring of the Original Sin {rN+ Str+3}
   (You found it on level 3 of the Crypt)

   [ring of positive energy]

   Str+3:     It affects your strength (+3).
   rN+:       It protects you from negative energy.
 O - the ring of Brawling {rElec rN+ Will+ MP-9}
   (You found it on level 3 of the Crypt)

   [ring of positive energy]

   rElec:     It insulates you from electricity.
   rN+:       It protects you from negative energy.
   Will+:     It increases your willpower.
   MP-9:      It affects your magic capacity (-9).
 T - the amulet of the Failed Coup {Reflect Str+2 SH+5 SInv Stlth-}
   (You found it on level 2 of the Shoals)

   [amulet of reflection]

   Reflect:   It reflects blocked missile attacks.
   Str+2:     It affects your strength (+2).
   SInv:      It lets you see invisible.
   SH+5:      It affects your SH (+5).
   Stlth-:    It makes you less stealthy.
 V - a +4 ring of slaying
 Y - the amulet of Ahebiti (around neck) {Regen+ Dex+3 Stlth-}
   (You found it in a wizard's laboratory)

   [amulet of regeneration]

   Dex+3:     It affects your dexterity (+3).
   Regen+:    It increases your rate of health regeneration.
   Stlth-:    It makes you less stealthy.
Talismans
 p - the granite talisman "Hamoeg" (active) {+Blink Int+4}
   (You took it off Roxanne on level 2 of the Shoals)

   [granite talisman]

   Int+4:     It affects your intelligence (+4).
   +Blink:    It lets you blink.
 I - the dragon-blood talisman of Maics {rElec rC+ Int+3 SInv}
   (You found it on level 3 of the Elven Halls)

   [dragon-blood talisman]

   Int+3:     It affects your intelligence (+3).
   rC+:       It protects you from cold.
   rElec:     It insulates you from electricity.
   SInv:      It lets you see invisible.
 L - a serpent talisman
Wands
 A - a wand of quicksilver (40)
 E - a wand of digging (28)
 J - a wand of roots (17)
Scrolls
 a - 4 scrolls of noise
 d - 15 scrolls of amnesia
 e - 7 scrolls of butterflies
 f - 9 scrolls of immolation
 i - 9 scrolls of vulnerability
 k - 13 scrolls of teleportation
 m - 7 scrolls of blinking
 n - 7 scrolls of poison
 t - 3 scrolls of silence
 z - 12 scrolls of fog
 D - 13 scrolls of fear
 K - 6 scrolls of torment
Potions
 c - 4 potions of haste
 o - 7 potions of mutation
 q - 14 potions of heal wounds
 r - 29 potions of curing
 u - 15 potions of lignification
 v - 8 potions of might
 w - 5 potions of resistance
 x - 10 potions of enlightenment
 B - 14 potions of attraction
 H - 8 potions of magic
 P - 7 potions of brilliance
 Q - 6 potions of berserk rage
 R - 9 potions of ambrosia
 U - 6 potions of cancellation
Miscellaneous
 M - a lightning rod (4/4)
 N - a phial of floods
 S - a condenser vane
 W - a phantom mirror
 X - a box of beasts


   Skills:
 O Level 27 Fighting
 O Level 27 Dodging
 - Level 9.0 Stealth
 O Level 27 Unarmed Combat
 O Level 27 Spellcasting
 - Level 6.0 Hexes
 - Level 19.7 Translocations
 + Level 26.2 Invocations
 + Level 25.9 Evocations
 O Level 27 Shapeshifting


You had 65 spell levels left.
You knew the following spells:

 Your Spells              Type           Power      Damage    Failure   Level
a - Manifold Assault      Tloc           77%        N/A       1%          4
b - Blink                 Tloc           100%       N/A       1%          2
c - Passage of Golubria   Tloc           77%        N/A       1%          4
d - Yara's Violent Unrav  Hex/Alch       17%        3d8       21%         5

Your spell library contained the following spells:

 Spells                   Type           Power      Damage    Failure   Level
 Slow                     Hex            100%       N/A       1%          1
 Jinxbite                 Hex            92%        N/A       1%          2
 Lesser Beckoning         Tloc           100%       N/A       1%          2
 Momentum Strike          Conj/Tloc      100%       3d10      1%          2
 Confusing Touch          Hex            46%        N/A       1%          3
 Gell's Gravitas          Tloc           77%        N/A       1%          3
 Sigil of Binding         Hex            46%        N/A       1%          3
 Teleport Other           Tloc           77%        N/A       1%          3
 Tukima's Dance           Hex            46%        N/A       1%          3
 Volatile Blastmotes      Fire/Tloc      100%       2d18      1%          3
 Iskenderun's Mystic Bla  Conj/Tloc      57%        2d12      1%          4
 Dispersal                Tloc           38%        N/A       1%          6
 Foxfire                  Conj/Fire      96%        2x1d8     3%          1
 Kiss of Death            Conj/Necr      96%        2d12      3%          1
 Magic Dart               Conj           96%        1d7       3%          1
 Sandblast                Erth           48%        2d12      3%          1
 Shock                    Conj/Air       96%        1d9       3%          1
 Sting                    Conj/Alch      96%        1d9       3%          1
 Summon Small Mammal      Summ           96%        N/A       3%          1
 Summon Guardian Golem    Hex/Summ       35%        N/A       3%          3
 Cause Fear               Hex            23%        N/A       3%          4
 Call Imp                 Summ           48%        N/A       4%          2
 Mercury Vapours          Alch/Air       48%        N/A       4%          2
 Passwall                 Alch/Erth      20%        N/A       4%          2
 Scorch                   Fire           48%        2d7       4%          2
 Static Discharge         Conj/Air       48%        3-5/arc   4%          2
 Disjunction              Tloc           38%        N/A       6%          8
 Call Canine Familiar     Summ           24%        N/A       9%          3
 Fugue of the Fallen      Necr           24%        N/A       9%          3
 Mephitic Cloud           Conj/Alch/Air  24%        N/A       9%          3
 Ozocubu's Armour         Ice            24%        N/A       9%          3
 Stone Arrow              Conj/Erth      48%        3d10      9%          3
 Swiftness                Air            24%        N/A       9%          3
 Vampiric Draining        Necr           24%        2d7       9%          3
 Anguish                  Hex/Necr       17%        N/A       9%          4
 Metabolic Englaciation   Hex/Ice        17%        N/A       21%         5
 Airstrike                Air            12%        2d(2-18)  26%         4
 Brom's Barrelling Bould  Conj/Erth      24%        2d5       26%         4
 Flame Wave               Conj/Fire      24%        2d8       26%         4
 Fulminant Prism          Conj/Alch      12%        3d8       26%         4
 Ignite Poison            Fire/Alch      24%        N/A       26%         4
 Olgreb's Toxic Radiance  Alch           24%        N/A       26%         4
 Petrify                  Alch/Erth      24%        N/A       26%         4
 Summon Lightning Spire   Summ/Air       24%        N/A       26%         4
 Freezing Cloud           Conj/Ice/Air   12%        6-21      54%         5
 Irradiate                Conj/Alch      12%        3d15      54%         5
 Enfeeble                 Hex            23%        N/A       85%         7
 Conjure Ball Lightning   Conj/Air       12%        3x3d6     97%         6
 Death Channel            Necr           12%        N/A       97%         6
 Plasma Beam              Fire/Air       12%        2x1d23    97%         6
 Simulacrum               Ice/Necr       12%        N/A       97%         6
 Starburst                Conj/Fire      12%        6d5       97%         6
 Summon Cactus Giant      Summ           12%        N/A       97%         6
 Haunt                    Necr/Summ      12%        N/A       100%        7
 Orb of Destruction       Conj           12%        9d7       100%        7
 Ozocubu's Refrigeration  Ice            12%        4d10      100%        7
 Spellforged Servitor     Conj/Summ      12%        N/A       100%        7
 Discord                  Hex            23%        N/A       100%        8
 Infestation              Necr           12%        N/A       100%        8
 Dimensional Bullseye     Hex/Tloc       Unusable   N/A       N/A         4
 Sublimation of Blood     Necr           Unusable   N/A       N/A         2

Dungeon Overview and Level Annotations

Branches:
Dungeon (15/15)            Temple (1/1) D:4            Lair (5/5) D:9
 Shoals (4/4) Lair:3        Snake (4/4) Lair:2        Slime (5/5) Lair:5
    Orc (2/2) D:10            Elf (3/3) Orc:2        Vaults (5/5) D:13
  Crypt (3/3) Vaults:3       Tomb (3/3) Crypt:3      Depths (4/4) D:15
   Hell (visited)             Dis (7/7) Hell            Geh (7/7) Hell
    Coc (7/7) Hell            Tar (7/7) Hell            Zot (5/5) Depths:4
 Bailey (visited)         Volcano (visited)          WizLab (visited)

Altars:
Ashenzari
Cheibriados
Dithmenos
Elyvilon
Fedhas
Gozag
Hepliaklqana
Kikubaaqudgha
Makhleb
Nemelex Xobeh
Okawaru
Qazlal
Ru
Sif Muna
Trog
Uskayaw
Vehumet
Wu Jian
Xom
Yredelemnul
Zin
The Shining One
Jiyva

Shops:
D:4 [   D:6 *   D:11 (   Orc:1 :=(   Orc:2 (=[(   Elf:2 :   Elf:3 :
Shoals:4 *[   Vaults:1 [   Vaults:2 [   Vaults:3 [   Vaults:5 !   Depths:2 [[
Depths:3 (   Depths:4 (*[

Portals:
Hell: Depths:1 Depths:2 Depths:3 Depths:4
Abyss: Depths:1 Depths:2 Depths:3
Pandemonium: Depths:2 Depths:4
Ziggurat: Depths:1

Annotations:
Depths:1 exclusion: downstairs


Innate Abilities, Weirdness & Mutations

You are a living statue of rough stone.
Your actions are slow, but your melee attacks are powerful.
You are resistant to unholy torment.
Your maximum health is greatly increased.
You are immune to poison.
You have sharp claws.
You have razor-sharp teeth.
You have supernaturally acute eyesight. (SInv)
((Your thick and shaggy fur keeps you warm. (AC +3, rC+)))
Your paws help you pounce on unaware monsters.
You are incapable of wielding weapons or throwing items.
You cannot wear armour.
You gain extra lives every three experience levels.
You possess an exceptional clarity of mind.
You are clumsy. (Dex -2)
Your flesh is heat resistant. (rF+)
Your spells are a little harder to cast, but a little more powerful.
You occasionally lose the ability to read scrolls when taking damage.


Message History

A cherub comes into view.
It is wielding a +0 long sword of flaming.
Space momentarily warps into an impossible shape!
You eviscerate the cherub!!!
Space momentarily warps into an impossible shape!
You eviscerate the cherub!!!!
You kill the cherub!
A seraph comes into view.
It is wielding a +5 great sword of flaming.
Space momentarily warps into an impossible shape!
You closely miss the seraph.
Space momentarily warps into an impossible shape!
You eviscerate the seraph!!!
The seraph shouts a warning to its allies!
Space momentarily warps into an impossible shape!
You eviscerate the seraph!!!!
Space momentarily warps into an impossible shape!
You closely miss the seraph.
Space momentarily warps into an impossible shape!
You eviscerate the seraph!!!!
You kill the seraph!
Things that are here:
a +5 great sword of flaming; +2 fire dragon scales An Orb Guardian comes into view.
Space momentarily warps into an impossible shape!
You eviscerate the Orb Guardian!!!!!
You kill the Orb Guardian!
You can't see any susceptible monsters within range! (Use Z to cast anyway.)
You can't see any susceptible monsters within range! (Use Z to cast anyway.)
You can't see any susceptible monsters within range! (Use Z to cast anyway.)
You can't see any susceptible monsters within range! (Use Z to cast anyway.)
There is a stone staircase leading up here.
You climb upwards.
There is a stone staircase leading down here.
There is a stone staircase leading up here.
You climb upwards.
There is a stone staircase leading down here.
Okay, then.
You open the door.
There is an open door here.
There is a staircase leading out of the dungeon here.
You have escaped!

...#.............#..##..##..#####
...#......########...............
...#...............#...[...####..
..##....#.####'#####..###.[####..
..##........#~..♣♣ #.............
..##....#.#.#≈...♣♣#..>..........
....#+###.#.#~...P♣##....#.......
....#.....#.#~....♣ #....#.......
....#..####.#~~.8.♣#######.......
....#..####.#~≈≈...#######.......
............#.~~~..'.............
....#..#...##.~P~.P###......####.
....#.......+P~P~~.# #......# #.
....#......##.~PP~≈# #......# #.
....#.....###.~~PP≈# #......# #.
###.###'### #..~PP~# #......# #.
..###..######..~~~≈# #......# #.


There were no monsters in sight!

Vanquished Creatures
  Cerebov (Pan)
  Asmodeus (Geh:7)
  the Royal Jelly (Slime:5)
  Gloorx Vloq (Pan)
  A seraph (D:3)
  Ereshkigal (Tar:7)
  the Serpent of Hell (Coc:7)
  Lom Lobon (Pan)
  Mnoleg (Pan)
  Frederick (Crypt:2)
  4 dread liches
  Dispater (Dis:7)
  Tiamat (Zot:1)
  14 ancient liches
  6 orbs of fire
  Mara (Elf:3)
  11 pandemonium lords
  6 juggernauts
  32 royal mummies
  Josephina (Depths:2)
  Sojobo (Crypt:2)
  4 Killer Klowns (Zot:5)
  16 shard shrikes
  Saint Roka (Snake:2)
  3 curse toes
  19 caustic shrikes
  Vashnia (Snake:4)
  Geryon (Hell)
  9 profane servitors
  A pearl dragon (Abyss:3)
  16 bone dragons
  12 golden dragons
  9 doom hounds
  15 iron giants
  3 electric golems
  32 Tzitzimimeh
  Zenata (Vaults:2)
  A spectral shard shrike (Tar:7)
  14 Brimstone Fiends
  51 Hell Sentinels
  9 hellephants
  30 tentacled monstrosities
  Rupert (Lair:4)
  6 liches
  Mlioglotl (Shoals:4)
  28 tainted leviathans
  27 Ice Fiends
  25 Orb Guardians
  2 deep elf blademasters (Elf:3)
  19 searing wretches
  3 deep elf master archers (Elf:3)
  23 titans
  12 quicksilver dragons
  Murray (Hell)
  15 sphinxes
  A kraken (Shoals:1)
  17 acid blobs
  9 death cobs
  24 Executioners
  11 tentacled starspawn
  30 ancient champions
  2 eldritch tentacles
  6 tengu reavers
  Agnes (Elf:2)
  17 storm dragons
  13 shadow dragons
  Roxanne (Shoals:2)
  9 revenants
  5 protean progenitors
  Aizul (Vaults:1)
  15 rockslimes
  6 quicksilver elementals
  The ghost of sol123 the Bludgeoner, an adept DsFi of Jiyva (Shoals:4)
  5 draconian knights
  10 draconian monks
  Ilsuiw (Shoals:4)
  11 demonspawn warmongers
  4 daevas
  23 fire giants
  12 azure jellies
  4 iron dragons
  14 narguns
  3 nagarajas
  16 frost giants
  2 juggernaut zombies
  5 ghost moths
  3 deep elf elementalists (Elf:3)
  10 deep elf sorcerers
  46 balrugs
  12 draconian shifters
  21 cacodemons
  20 vault wardens
  9 shard shrike simulacra
  The ghost of kasel the Warrior, a journeyman DrAr of Gozag (Lair:5)
  A spectral caustic shrike (Tar:2)
  An angel (Depths:1)
  3 ghouls (Crypt:1)
  A caustic shrike zombie (Depths:2)
  A spectral juggernaut (Tar:5)
  5 draconian scorchers
  20 ironbound preservers
  7 demonspawn corrupters (Pan)
  51 stone giants
  4 curse skulls
  10 reapers
  12 draconian annihilators
  5 draconian stormcallers
  2 orc warlords
  15 formless jellyfish
  A spriggan defender (Depths:1)
  10 demonspawn blood saints (Pan)
  8 quicksilver oozes
  2 ironbound thunderhulks
  7 vampire knights
  32 war gargoyles
  19 purple draconians
  17 green draconians
  32 very ugly things
  A juggernaut skeleton (Crypt:3)
  3 deep elf demonologists (Elf:3)
  20 demonspawn black suns (Pan)
  24 elemental wellsprings
  4 deep elf death magi
  27 lorocyprocas
  5 spectral titans
  2 bunyips (Zot:3)
  13 white draconians
  18 yellow draconians
  16 bennus
  10 dire elephants
  17 deep elf annihilators
  19 red draconians
  17 putrid mouths
  15 black draconians
  14 wendigos
  11 spark wasps
  Azrael (Elf:2)
  22 mummy priests
  14 eidola
  24 iron golems
  10 jiangshi
  6 merfolk impalers
  10 yaktaur captains
  18 blizzard demons
  6 deep elf high priests
  3 crystal guardians
  15 green deaths
  3 spectral quicksilver dragons
  5 merfolk javelineers (Shoals:4)
  14 ettins
  9 fire dragons
  A spectral golden dragon (Tar:5)
  A quicksilver dragon zombie (Crypt:2)
  3 entropy weavers
  6 rakshasas
  41 vault guards
  A quicksilver dragon skeleton (Pan)
  A fenstrider witch zombie (Hell)
  4 spectral spriggans
  A spectral fenstrider witch (Crypt:3)
  18 great orbs of eyes
  8 ironbound frosthearts
  2 peacekeepers (Vaults:4)
  An alligator snapping turtle (Shoals:4)
  9 hell beasts
  5 juggernaut simulacra
  16 salamander tyrants
  11 anacondas
  10 ice dragons
  6 catoblepae
  9 hydras
  18 caustic shrike simulacra
  4 ogre magi
  4 stokers
  2 merfolk avatars
  A fenstrider witch skeleton (Crypt:3)
  A spectral stone giant (Tar:4)
  An Orb Guardian skeleton (Crypt:3)
  8 centaur warriors
  9 merfolk aquamancers
  4 deep troll shamans
  7 satyrs (Shoals:4)
  8 death yaks
  3 boulder beetles
  29 hell hogs
  26 dancing weapons
  11 demonic crawlers (Pan)
  4 spriggan berserkers
  44 death scarabs
  A spectral storm dragon (Crypt:3)
  18 two-headed ogres
  4 spectral nagas
  12 naga warriors
  58 soul eaters
  A spectral dire elephant (Crypt:3)
  11 shock serpents
  3 orc high priests
  12 deep elf knights
  5 vampire magi
  5 deep troll earth magi
  7 occultists
  4 tengu warriors
  7 thrashing horrors
  4 shock serpents (shapeshifter)
  Urug (D:11)
  19 hell knights
  87 sun demons
  10 naga sharpshooters
  A storm dragon zombie (Tomb:2)
  12 crystal echidnas
  2 fire crabs (shapeshifter)
  24 sixfirhies
  A skyshark (Lair:3)
  A titan skeleton (Pan)
  8 iron trolls
  2 goliath frogs (Zot:3)
  4 wretched stars
  A storm dragon skeleton (Crypt:2)
  23 shadow wraiths
  An orange crystal statue (WizLab)
  7 salamander mystics
  66 deep trolls
  A spectral bunyip (Tar:2)
  9 naga ritualists
  7 sea snakes
  17 skeletal warriors
  12 glowing orange brains
  A spark wasp zombie (Crypt:3)
  2 spectral iron dragons
  A sun moth (shapeshifter) (Vaults:5)
  3 spectral anacondas
  2 quicksilver dragon simulacra
  20 shadow demons
  46 large abominations
  9 flayed ghosts
  An anaconda zombie (Tomb:2)
  A cherub (D:3)
  7 arcanists
  2 death drakes (Depths:4)
  2 bunyip skeletons
  An obsidian statue (Volcano)
  A golden dragon skeleton (Crypt:1)
  A bunyip zombie (Crypt:1)
  A fenstrider witch simulacrum (Coc:2)
  7 deep elf archers
  Pikel (D:7)
  A spectral hydra (Tar:1)
  10 phantasmal warriors
  5 lindwurms
  6 spriggan simulacra
  18 harpies
  11 necromancers
  35 ironbound convokers
  An alligator zombie (Hell)
  9 orc knights
  3 anaconda skeletons
  25 deep elf zephyrmancers
  35 ugly things
  A spectral ettin (Tar:2)
  A stone giant zombie (Depths:2)
  34 deep elf pyromancers
  6 orc sorcerers
  18 salamanders
  10 mana vipers
  24 cyclopes
  4 shining eyes
  2 frost giant zombies
  2 fire giant skeletons
  12 fauns
  A spectral alligator snapping turtle (Tar:1)
  31 moths of wrath
  An alligator skeleton (Hell)
  10 merfolk sirens
  9 guardian serpents
  7 rust devils
  49 black mambas
  A centaur zombie (Hell)
  3 spectral centaurs
  13 manticores
  2 kobold blastminers (Orc:2)
  18 vault sentinels
  16 elephants
  A torpor snail (Lair:1)
  12 molten gargoyles
  6 water nymphs
  3 ice statues
  20 naga magi
  9 titan simulacra
  56 smoke demons
  2 eyes of devastation
  17 cane toads
  34 orange demons
  3 gargoyles
  A spriggan zombie (Depths:1)
  20 efreet
  A kobold demonologist (D:7)
  Maggie (D:7)
  3 centaur skeletons (Pan)
  3 storm dragon simulacra
  45 tormentors
  12 unseen horrors
  A bunyip simulacrum (Hell)
  44 guardian mummies
  30 hellions
  Psyche (D:12)
  9 komodo dragons
  25 freezing wraiths
  39 yaktaurs
  A dire elephant skeleton (Pan)
  A golden dragon simulacrum (Depths:1)
  4 spectral harpies
  4 tengu conjurers
  3 anaconda simulacra
  3 rime drakes
  An ice devil (Pan)
  An iron giant simulacrum (Coc:4)
  2 ancient zymes
  25 merfolk
  A queen bee (Lair:2)
  15 trolls
  A harpy zombie (Hell)
  A sea snake skeleton (Hell)
  30 hellwings
  7 polar bears
  A shadow dragon simulacrum (Coc:1)
  3 wind drakes
  14 red devils
  A polar bear (shapeshifter) (Elf:2)
  A tarantella (Vaults:2)
  11 dream sheep
  5 iron dragon simulacra
  18 blink frogs
  5 harpy skeletons
  3 hydra skeletons
  A glass eye (Depths:2)
  2 snapping turtles
  A guardian serpent zombie (Crypt:2)
  5 raiju (Abyss:4)
  2 frost giant simulacra (Depths:2)
  112 slime creatures
  A spectral black mamba (Crypt:3)
  Sigmund (D:3)
  A centaur simulacrum (D:15)
  An ice dragon zombie (Tomb:1)
  4 stone giant simulacra
  2 ettin skeletons
  4 shadows (Crypt:3)
  6 spriggan skeletons
  2 air elementals (Elf:1)
  24 water elementals
  A jumping spider (Vaults:3)
  A fire bat (shapeshifter) (Depths:2)
  3 vampires
  6 wraiths
  3 wyverns
  35 ynoxinuls
  8 dire elephant simulacra
  6 golden eyes
  3 alligator snapping turtle simulacra
  4 basilisks
  4 fire bats (Volcano)
  6 fire elementals (Elf:2)
  A hog (shapeshifter) (Vaults:1)
  22 ushabtiu
  A tyrant leech zombie (Crypt:1)
  2 wargs
  42 neqoxecs
  3 steam dragons
  2 redbacks
  10 vampire mosquitoes
  30 chaos spawn
  55 yaks
  A naga zombie (Crypt:2)
  16 harpy simulacra
  9 small abominations
  Menkaure (D:5)
  2 acid dragons
  35 nagas
  17 water moccasins
  An entropy weaver zombie (Crypt:1)
  3 hydra simulacra
  22 orc warriors
  A sky beast (D:7)
  A two-headed ogre skeleton (Crypt:1)
  A hornet zombie (Crypt:3)
  A swamp drake (Orc:2)
  4 ice beasts
  An ice dragon simulacrum (Crypt:3)
  18 black bears
  7 ettin simulacra
  30 ogres
  14 wolves
  3 boggarts (Vaults:1)
  A swamp dragon skeleton (Crypt:1)
  8 laughing skulls
  30 starcursed masses
  13 centaurs
  2 lemures (D:7)
  An elephant skeleton (Crypt:2)
  2 weeping skulls (Abyss:4)
  6 brain worms (Abyss:4)
  2 salamander zombies
  5 kobold brigands
  A gnoll sergeant (D:8)
  15 bullfrogs
  An earth elemental (Elf:1)
  4 naga simulacra
  18 wights
  A water moccasin skeleton (Crypt:2)
  40 killer bees
  A raiju skeleton (Crypt:3)
  3 electric eels (Lair:3)
  7 vampire bats (Bailey)
  3 howler monkeys
  A troll skeleton (Crypt:1)
  3 wolf zombies (Bailey)
  3 bombardier beetles
  13 crimson imps
  3 lava snakes (Volcano)
  A quasit (Abyss:4)
  A wolf skeleton (Crypt:2)
  5 iron imps
  A jelly (D:4)
  20 orc priests
  6 iguanas
  Jessica (D:2)
  Ijyb (D:3)
  A sleepcap (D:5)
  Natasha (thrice) (D:2)
  43 orc wizards
  7 hell rats (Hell)
  2 naga skeletons
  65 mummies
  5 gnolls (D:8)
  8 adders
  3 shadow imps
  7 white imps
  An ufetubus (Vaults:2)
  A worm zombie (Crypt:2)
  An iguana skeleton (Crypt:2)
  3 worms
  6 dart slugs
  51 orcs
  6 ball pythons
  12 endoplasms
  2 giant cockroaches
  12 goblins
  3 hobgoblins
  A quokka (D:1)
  A ball python skeleton (Crypt:3)
  11 bats
  5 frilled lizards
  A hobgoblin zombie (Crypt:2)
  A jackal skeleton (Crypt:2)
  27 kobolds
  18 orc zombies (Bailey)
  A quokka skeleton (Crypt:3)
  9 rats
  3 aspiring fleshes
  7 creeping infernos
  7 fire vortices
  2 lurking horrors (Abyss:4)
  10 starspawn tentacles
  4 tentacles (Shoals:1)
4649 creatures vanquished.

Vanquished Creatures (collateral kills)
  Antaeus (Coc:7)
  A moon troll (WizLab)
  A fire giant (Vaults:5)
  5 rockslimes
  2 very ugly things
  3 stone giants
  2 vampire knights (Depths:2)
  2 putrid mouths (Hell)
  A great orb of eyes (Slime:5)
  An ice dragon (Hell)
  A caustic shrike simulacrum (Depths:2)
  A soul eater (Hell)
  A salamander mystic (Snake:4)
  A sixfirhy (Hell)
  A deep troll (Depths:2)
  An iron dragon zombie (Hell)
  3 shining eyes (Slime:5)
  A rust devil (Hell)
  4 starcursed masses (WizLab)
  An eye of devastation (WizLab)
  An orange demon (Hell)
  2 smoke demons (Depths:1)
  A frost giant simulacrum (Depths:2)
  5 slime creatures
43 creatures vanquished.

Vanquished Creatures (others)
  2 eldritch tentacles
  A frost giant (Zot:4)
  A balrug (Pan)
  A very ugly thing (Abyss:5)
  A blizzard demon (Hell)
  A caustic shrike simulacrum (Coc:7)
  A two-headed ogre (Zot:4)
  A merfolk aquamancer (Shoals:1)
  A juggernaut simulacrum (Coc:2)
  2 deep elf knights (Elf:3)
  A deep elf zephyrmancer (Elf:3)
  A faun (shapeshifter) (Depths:2)
  3 moths of wrath (Zot:4)
  A merfolk siren (Shoals:4)
  A dire elephant simulacrum (Coc:7)
  An ogre (Zot:4)
  An orc wizard (Orc:2)
  2 orcs (Orc:2)
  19 starspawn tentacles
  3 tentacles (Shoals:1)
45 creatures vanquished.

Grand Total: 4737 creatures vanquished

Notes
Turn   | Place    | Note
-------+----------+-------------------------------------------
     0 | D:1      | rotlqkf the Felid Berserker began the quest for the Orb.
     0 | D:1      | Reached XP level 1. HP: 12/12 MP: 2/2
   121 | D:1      | Reached XP level 2. HP: 16/16 MP: 3/3
   425 | D:1      | Found a faded altar of an unknown god.
   428 | D:1      | Reached ** piety under Trog
   429 | D:1      | Reached XP level 3. HP: 17/20 MP: 4/4
   752 | D:2      | Noticed Jessica
   759 | D:2      | Killed Jessica
   760 | D:2      | Reached skill level 5 in Unarmed Combat
   760 | D:2      | Reached XP level 4. HP: 24/24 MP: 5/5
   810 | D:2      | Noticed Natasha
   831 | D:2      | Killed Natasha
   832 | D:2      | Reached skill level 1 in Stealth
   923 | D:2      | Noticed Natasha
   932 | D:2      | Killed Natasha
  1164 | D:2      | Reached XP level 5. HP: 27/28 MP: 6/6
  1165 | D:2      | Noticed Natasha
  1178 | D:2      | Killed Natasha
  1759 | D:3      | Noticed Ijyb
  1791 | D:3      | Paralysed by Ijyb for 4 turns
  1797 | D:3      | Killed Ijyb
  1800 | D:3      | Slain by a goblin
  1990 | D:3      | Found a shimmering altar of Xom.
  2119 | D:3      | Gained mutation: You are covered in thick fur. (AC +2)
                  | [Felid growth]
  2119 | D:3      | Reached XP level 6. HP: 32/32 MP: 7/7
  2128 | D:3      | Noticed Sigmund
  2133 | D:3      | Killed Sigmund
  2134 | D:3      | Reached skill level 5 in Dodging
  2616 | D:4      | Reached *** piety under Trog
  2681 | D:4      | Reached XP level 7. HP: 37/37 MP: 8/8
  2863 | D:4      | Found Gifujak's Antique Armour Shoppe.
  2982 | D:4      | Found a staircase to the Ecumenical Temple.
  3008 | Temple   | Entered the Ecumenical Temple
  3050 | D:4      | Found an iron altar of Okawaru.
  3075 | D:5      | Entered Level 5 of the Dungeon
  3176 | D:5      | Reached skill level 5 in Fighting
  3362 | D:5      | Noticed Menkaure
  3379 | D:5      | Killed Menkaure
  3436 | D:5      | Reached XP level 8. HP: 41/45 MP: 9/9
  3763 | D:5      | Found a white marble altar of Elyvilon.
  3763 | D:5      | Found a glowing golden altar of the Shining One.
  3765 | D:5      | Found a glowing silver altar of Zin.
  4036 | D:5      | Found a burning altar of Makhleb.
  4143 | D:6      | Found Ea-nāṣir's Fine Metal Goods.
  4953 | D:6      | Found a hazy altar of Hepliaklqana.
  5439 | D:7      | Reached XP level 9. HP: 24/51 MP: 10/10
  5899 | D:7      | Found a snail-covered altar of Cheibriados.
  5913 | D:7      | Reached **** piety under Trog
  6238 | D:7      | Noticed a deep elf pyromancer
  6238 | D:7      | Noticed a kobold demonologist
  6462 | D:7      | Noticed Maggie
  6472 | D:7      | Killed Maggie
  6716 | D:7      | Noticed Pikel
  6744 | D:7      | Killed Pikel
  6745 | D:7      | Reached skill level 10 in Unarmed Combat
  6816 | D:8      | Reached skill level 10 in Fighting
  7059 | D:8      | Reached XP level 10. HP: 52/59 MP: 11/11
  8022 | D:9      | Found a staircase to the Lair.
  8148 | D:9      | Found an ancient bone altar of Kikubaaqudgha.
  8219 | D:9      | Noticed a two-headed ogre
  8227 | D:9      | Killed a two-headed ogre
  8256 | D:9      | Noticed a cyclops
  8269 | D:9      | Killed a cyclops
  8270 | D:9      | Reached skill level 10 in Dodging
  8552 | D:9      | Found a sparkling altar of Nemelex Xobeh.
  8707 | D:10     | Entered Level 10 of the Dungeon
  8758 | D:10     | Found a bloodstained altar of Trog.
  8823 | D:10     | Found a flagged portal.
  8833 | Bailey   | Entered a bailey
  8896 | Bailey   | Noticed a gargoyle
  8905 | Bailey   | Killed a gargoyle
  9027 | Bailey   | Reached skill level 1 in Shapeshifting
  9068 | Bailey   | Reached XP level 11. HP: 63/63 MP: 12/12
  9186 | Bailey   | Identified the +5 great sword of the Resonant God {heavy,
                  | *Noise Int+3 Dex+3}
  9714 | D:10     | Identified the +1 scale mail of Plasticity {rPois rN++
                  | rCorr}
  9822 | D:10     | Found a staircase to the Orcish Mines.
  9954 | D:10     | Found a broken altar of Ashenzari.
  9954 | D:10     | Found a sacrificial altar of Ru.
 10857 | D:11     | Noticed a two-headed ogre
 10864 | D:11     | Killed a two-headed ogre
 11081 | D:11     | Found Fudd's Antique Weapon Shoppe.
 11088 | D:11     | Noticed Urug
 11103 | D:11     | HP: 1/94 [constriction (8)]
 11106 | D:11     | Killed Urug
 11440 | D:11     | Reached skill level 5 in Shapeshifting
 11798 | D:7      | Noticed a sun demon
 11822 | D:7      | Killed a deep elf pyromancer
 11840 | D:7      | Noticed a deep elf pyromancer
 11847 | D:7      | Killed a deep elf pyromancer
 11954 | Lair:1   | Entered Level 1 of the Lair of Beasts
 12118 | Lair:1   | Gained mutation: Your thick and shaggy fur keeps you warm.
                  | (AC +3, rC+) [Felid growth]
 12118 | Lair:1   | Reached XP level 12. HP: 67/67 MP: 13/13
 12731 | Lair:1   | Noticed a death yak
 12737 | Lair:1   | Noticed a death yak
 12745 | Lair:1   | Killed a death yak
 12755 | Lair:1   | Killed a death yak
 13119 | Lair:2   | Found a dark tunnel.
 13130 | Volcano  | Entered a volcano
 13272 | Volcano  | Noticed a red draconian
 13292 | Volcano  | Killed a red draconian
 13296 | Volcano  | Found a burning altar of Makhleb.
 13363 | Volcano  | Noticed a centaur warrior
 13372 | Volcano  | Killed a centaur warrior
 13382 | Volcano  | Gained mutation: Potions are less effective at restoring
                  | your health. [a neqoxec]
 13644 | Lair:2   | Noticed a five-headed hydra
 13654 | Lair:2   | Killed a five-headed hydra
 13806 | Lair:2   | Reached XP level 13. HP: 50/72 MP: 14/14
 13906 | Lair:2   | Reached skill level 15 in Unarmed Combat
 13916 | Lair:2   | Found a staircase to the Snake Pit.
 14239 | Lair:2   | Slain by a killer bee
 14425 | Lair:2   | Reached ***** piety under Trog
 15022 | Lair:3   | Found a staircase to the Shoals.
 15317 | Lair:3   | Reached skill level 10 in Shapeshifting
 15576 | Lair:4   | Noticed Rupert
 16215 | Lair:4   | Killed Rupert
 16439 | Lair:5   | Entered Level 5 of the Lair of Beasts
 16546 | Lair:5   | Found a viscous altar of Jiyva.
 16546 | Lair:5   | Found a staircase to the Slime Pits.
 16872 | Lair:5   | Reached XP level 14. HP: 76/77 MP: 15/15
 17395 | Lair:5   | Found a runed translucent gate.
 17395 | Lair:5   | Found a runed translucent gate.
 17395 | Lair:5   | Found a runed translucent gate.
 17398 | Lair:5   | Noticed kasel's ghost (journeyman DrAr)
 18033 | Lair:5   | Killed kasel's ghost
 18524 | Lair:5   | Found a viscous altar of Jiyva.
 18524 | Lair:5   | Found a staircase to the Slime Pits.
 19144 | Orc:1    | Entered Level 1 of the Orcish Mines
 19265 | Orc:1    | Found Safut's Antique Weapon Shop.
 19395 | Orc:1    | Found Solixtom's Jewellery Emporium.
 19413 | Orc:1    | Bought the ring of Equivalence {Will+ AC+4 Str+4} for 741
                  | gold pieces
 19488 | Orc:2    | Entered Level 2 of the Orcish Mines
 19565 | Orc:2    | Found a staircase to the Elven Halls.
 19873 | Orc:2    | Reached ****** piety under Trog
 20261 | Orc:2    | Found Ojuk's Antique Armour Boutique.
 20261 | Orc:2    | Found Ynet's Weapon Boutique.
 20262 | Orc:2    | Found Coiqoboq's Jewellery Shop.
 20266 | Orc:2    | Found Ucoecupp's Weapon Shop.
 20505 | Orc:1    | Found Udoagh's Book Shoppe.
 21144 | D:12     | Noticed Psyche
 21157 | D:12     | Killed Psyche
 21373 | D:12     | Reached XP level 15. HP: 83/83 MP: 16/16
 21564 | D:13     | Found a shimmering altar of Xom.
 21744 | D:13     | Found a gate to the Vaults.
 22337 | D:13     | Found an ancient bone altar of Kikubaaqudgha.
 23129 | D:14     | Found a shadowy altar of Dithmenos.
 23679 | D:14     | Found a shadowy altar of Dithmenos.
 23862 | D:15     | Entered Level 15 of the Dungeon
 24015 | D:15     | Found a stormy altar of Qazlal.
 24040 | D:15     | Identified the +4 war axe of Cobwebs {heavy, ^Contam rF+
                  | rN+ Int+3}
 24572 | D:15     | Found a staircase to the Depths.
 24799 | Snake:1  | Entered Level 1 of the Snake Pit
 26017 | Snake:2  | Identified a scroll of acquirement
 26025 | Snake:2  | Acquired a manual of Dodging
 26144 | Snake:2  | Reached skill level 15 in Shapeshifting
 26204 | Snake:2  | Reached XP level 16. HP: 81/92 MP: 6/17
 26377 | Snake:2  | Noticed Saint Roka
 26419 | Snake:2  | Killed Saint Roka
 27541 | Snake:3  | Reached skill level 15 in Fighting
 28112 | Snake:4  | Entered Level 4 of the Snake Pit
 28669 | Snake:4  | Reached skill level 15 in Dodging
 28728 | Snake:4  | Identified the +4 war axe of Chance {antimagic, rElec rPois
                  | rCorr Int+3}
 28759 | Snake:4  | Reached XP level 17. HP: 100/100 MP: 18/18
 28853 | Snake:4  | Noticed Vashnia
 28899 | Snake:4  | Killed Vashnia
 29399 | Snake:4  | Got a serpentine rune of Zot
 29940 | Elf:1    | Entered Level 1 of the Elven Halls
 30170 | Elf:1    | Identified the +0 scimitar of Freehold {flame, rElec rPois
                  | rC- Stlth+}
 30311 | Elf:1    | Paralysed by an air elemental for 1 turns
 30332 | Elf:1    | Found a magical portal.
 30352 | WizLab   | Entered Lehudib's Moon Base
 30502 | WizLab   | HP: 4/198 [white very ugly thing (18)]
 30505 | WizLab   | Killed from afar by a neqoxec
 30576 | WizLab   | Paralysed by accursed screaming for 2 turns
 30690 | WizLab   | Identified the ring "Usajaocs" {rC+ Str+2 SInv}
 30713 | WizLab   | Reached XP level 18. HP: 108/108 MP: 19/19
 30817 | WizLab   | Found a transporter.
 30920 | WizLab   | Found a transporter.
 31103 | WizLab   | Gained mutation: You are clumsy. (Dex -2) [a neqoxec]
 31386 | WizLab   | Noticed a moon troll
 31447 | WizLab   | Killed a moon troll
 31481 | WizLab   | Identified the amulet of Ahebiti {Regen+ Dex+3 Stlth-}
 31562 | Elf:1    | Lost mutation: Potions are less effective at restoring your
                  | health. [potion of mutation]
 31562 | Elf:1    | Lost mutation: You are clumsy. (Dex -2) [potion of
                  | mutation]
 31562 | Elf:1    | Gained mutation: You are occasionally teleported next to
                  | monsters. [potion of mutation]
 31562 | Elf:1    | Gained mutation: You are partially covered in large bone
                  | plates. (SH +4) [potion of mutation]
 31562 | Elf:1    | Gained mutation: You are partially covered in iridescent
                  | scales. (AC +2) [potion of mutation]
 31563 | Elf:1    | Lost mutation: You are partially covered in iridescent
                  | scales. (AC +2) [potion of mutation]
 31563 | Elf:1    | Lost mutation: You are partially covered in large bone
                  | plates. (SH +4) [potion of mutation]
 31563 | Elf:1    | Lost mutation: You are occasionally teleported next to
                  | monsters. [potion of mutation]
 31563 | Elf:1    | Gained mutation: You expend magic power (3 MP) to
                  | strengthen your wands. [potion of mutation]
 31563 | Elf:1    | Gained mutation: You possess an exceptional clarity of
                  | mind. [potion of mutation]
 32307 | Elf:2    | Found a transporter.
 32307 | Elf:2    | Found Bezest's Book Shoppe.
 32352 | Elf:2    | Noticed Azrael
 32375 | Elf:2    | Killed Azrael
 32518 | Elf:2    | Found a runed translucent gate.
 32518 | Elf:2    | Found a runed translucent gate.
 32518 | Elf:2    | Found a runed translucent gate.
 32602 | Elf:2    | Found a transporter.
 32990 | Elf:2    | Noticed Agnes
 32998 | Elf:2    | Killed Agnes
 33399 | Elf:3    | Entered Level 3 of the Elven Halls
 33473 | Elf:3    | Found a shimmering blue altar of Sif Muna.
 33485 | Elf:3    | Noticed Mara
 33499 | Elf:3    | Noticed rotlqkf's illusion
 33500 | Elf:3    | Killed Mara
 33803 | Elf:3    | Found Etsok's Book Boutique.
 34296 | Elf:3    | Reached XP level 19. HP: 105/114 MP: 17/20
 34398 | Elf:3    | Identified the +10 great mace of the Vendetta {protect,
                  | rElec rC+++ Str+3 Dex-4}
 34456 | Elf:3    | Identified the +1 hand axe "Moarih" {freeze, ^Contam *Slow
                  | MP+9 SInv}
 34528 | Elf:3    | Identified the +2 broad axe of Xuuvehot {flame, Int+3}
 34528 | Elf:3    | Identified the ring of Abstinence {rC+ rN+ Str+6 Int-5}
 34721 | Elf:3    | Identified the dragon-blood talisman of Maics {rElec rC+
                  | Int+3 SInv}
 35112 | Shoals:1 | Entered Level 1 of the Shoals
 35784 | Shoals:2 | Identified the amulet of the Failed Coup {Reflect Str+2
                  | SH+5 SInv Stlth-}
 35881 | Shoals:2 | Identified the granite talisman "Hamoeg" {+Blink Int+4}
 35881 | Shoals:2 | Noticed Roxanne
 36406 | Shoals:2 | Killed Roxanne
 36407 | Shoals:2 | Reached skill level 5 in Stealth
 36538 | Shoals:3 | Reached skill level 1 in Evocations
 36577 | Shoals:3 | Acquired a manual of Evocations
 37220 | Shoals:4 | Entered Level 4 of the Shoals
 37220 | Shoals:4 | Found Wosat's Antique Armour Shop.
 37228 | Shoals:4 | Found a runed translucent door.
 37230 | Shoals:4 | Noticed sol123's ghost (adept DsFi)
 37276 | Shoals:4 | Identified the +6 great sword "Heodal" {heavy, rElec rPois
                  | rF+ rC-}
 37332 | Shoals:4 | Noticed Ilsuiw
 37399 | Shoals:4 | Killed Ilsuiw
 37478 | Shoals:4 | Reached skill level 5 in Evocations
 37576 | Shoals:4 | Got a barnacled rune of Zot
 37588 | Shoals:4 | Reached XP level 20. HP: 123/123 MP: 21/21
 37643 | Shoals:4 | Noticed Mlioglotl
 37654 | Shoals:4 | Noticed an ancient lich
 37654 | Shoals:4 | Killed Mlioglotl
 37704 | Shoals:4 | Identified the +0 chain mail "Ufriuc Aph" {rPois}
 37877 | Shoals:4 | Found Ytyatzodd's General Store.
 37906 | Shoals:4 | Bought a potion of haste for 150 gold pieces
 37906 | Shoals:4 | Bought a scroll of fog for 60 gold pieces
 37906 | Shoals:4 | Bought a scroll of blinking for 112 gold pieces
 37906 | Shoals:4 | Bought a wand of quicksilver (6) for 378 gold pieces
 38213 | Shoals:4 | Killed sol123's ghost
 38405 | Slime:1  | Entered Level 1 of the Pits of Slime
 38553 | Slime:2  | Lost mutation: You possess an exceptional clarity of mind.
                  | [a shining eye]
 38668 | Slime:2  | Gained mutation: You occasionally shout uncontrollably at
                  | your foes. [a shining eye]
 38670 | Slime:2  | Gained mutation: You are agile. (Dex +4, Str/Int -1) [a
                  | shining eye]
 38672 | Slime:2  | Gained mutation: Your spells are a little easier to cast,
                  | but a little less powerful. [a shining eye]
 39044 | Slime:3  | Gained mutation: You are vulnerable to cold. (rC-) [a
                  | shining eye]
 39045 | Slime:3  | Lost mutation: You expend magic power (3 MP) to strengthen
                  | your wands. [a shining eye]
 39046 | Slime:3  | Gained mutation: Your spells are easier to cast, but less
                  | powerful. [a shining eye]
 39146 | Slime:2  | Lost mutation: You are agile. (Dex +4, Str/Int -1) [potion
                  | of mutation]
 39146 | Slime:2  | Lost mutation: You occasionally shout uncontrollably at
                  | your foes. [potion of mutation]
 39146 | Slime:2  | Gained mutation: You are partially covered in large bone
                  | plates. (SH +4) [potion of mutation]
 39146 | Slime:2  | Gained mutation: Your mind is acute. (Int +4, Str/Dex -1)
                  | [potion of mutation]
 39146 | Slime:2  | Gained mutation: You have hidden genetic potential. [potion
                  | of mutation]
 40293 | Slime:5  | Entered Level 5 of the Pits of Slime
 40385 | Slime:5  | Gained mutation: Your magical capacity is low. (-10% MP) [a
                  | shining eye]
 40387 | Slime:5  | Lost mutation: Your mind is acute. (Int +4, Str/Dex -1) [a
                  | shining eye]
 40516 | Slime:5  | Gained mutation: You occasionally lose the ability to drink
                  | potions when taking damage. [a shining eye]
 40527 | Slime:4  | Lost mutation: You occasionally lose the ability to drink
                  | potions when taking damage. [potion of mutation]
 40527 | Slime:4  | Lost mutation: Your magical capacity is low. (-10% MP)
                  | [potion of mutation]
 40527 | Slime:4  | Lost mutation: Your spells are easier to cast, but less
                  | powerful. [potion of mutation]
 40527 | Slime:4  | Gained mutation: Your magical capacity is low. (-10% MP)
                  | [potion of mutation]
 40527 | Slime:4  | Gained mutation: You are agile. (Dex +4, Str/Int -1)
                  | [potion of mutation]
 40571 | Slime:5  | Noticed the Royal Jelly
 40580 | Slime:5  | Killed the Royal Jelly
 40627 | Slime:5  | Identified the ring of Ylenu {rElec rPois rF+}
 40659 | Slime:5  | Reached XP level 21. HP: 130/130 MP: 19/19
 41009 | Slime:5  | Identified the +9 hand axe "Kir Utuc" {protect, *Noise
                  | Str+3 Stlth+}
 41060 | Slime:5  | Identified the ring "Leifaud" {rPois rF+}
 41269 | Slime:5  | Got a slimy rune of Zot
 42000 | Vaults:1 | Entered Level 1 of the Vaults
 42138 | Vaults:1 | Found Vexam's Antique Armour Boutique.
 42615 | Vaults:1 | Identified the serpent talisman of Watchfulness {rC+ Will+
                  | MP+9 Int+3}
 42615 | Vaults:1 | Noticed Aizul
 42624 | Vaults:1 | Killed Aizul
 42640 | Vaults:1 | Reached skill level 10 in Evocations
 43180 | Vaults:1 | Gained mutation: You possess an exceptional clarity of
                  | mind. [hidden potential]
 44133 | Vaults:2 | Noticed Zenata
 44146 | Vaults:2 | Killed Zenata
 44377 | Vaults:2 | Found the +18 shield of the Gong {Loud rN+ Will+ rCorr
                  | EV-5}
 45043 | Vaults:2 | Found Elaetwerch's Antique Armour Emporium.
 45324 | Vaults:3 | Reached XP level 22. HP: 124/138 MP: 20/20
 45468 | Vaults:3 | Found a staircase to the Crypt.
 45468 | Vaults:3 | Found a basalt altar of Yredelemnul.
 45469 | Vaults:3 | Found an ancient bone altar of Kikubaaqudgha.
 46087 | Vaults:3 | Found Axoij's Antique Armour Shoppe.
 46705 | Vaults:4 | Gained mutation: You have a pair of small antennae on your
                  | head. [hidden potential]
 46705 | Vaults:4 | Lost mutation: You have hidden genetic potential. [hidden
                  | potential expressed]
 47651 | Vaults:5 | Entered Level 5 of the Vaults
 47707 | Vaults:5 | Noticed a golden dragon
 47720 | Vaults:5 | HP: 8/210 [vault guard/+2 bardiche (29)]
 47740 | Vaults:5 | HP: 10/210 [titan (39)]
 47998 | Vaults:5 | Killed a golden dragon
 48108 | Vaults:5 | Reached XP level 23. HP: 145/145 MP: 21/21
 48648 | Vaults:5 | Got a silver rune of Zot
 48693 | Vaults:5 | Noticed an ancient lich
 48702 | Vaults:5 | Killed an ancient lich
 48808 | Vaults:5 | Found Ozuadiuxomp's Distillery.
 48850 | Vaults:5 | Bought 2 potions of curing for 114 gold pieces
 48850 | Vaults:5 | Bought a potion of might for 76 gold pieces
 48850 | Vaults:5 | Bought a potion of haste for 190 gold pieces
 48850 | Vaults:5 | Bought a potion of enlightenment for 95 gold pieces
 49184 | Vaults:5 | Noticed an ancient lich
 49187 | Vaults:5 | Killed an ancient lich
 49705 | Crypt:1  | Entered Level 1 of the Crypt
 50019 | Crypt:1  | Identified the ring "Teeppuib" {Fire Fly rPois Will- Dex+4}
 50551 | Crypt:2  | Noticed Sojobo
 50562 | Crypt:2  | Killed Sojobo
 50574 | Crypt:2  | Noticed Frederick
 50579 | Crypt:2  | Killed Frederick
 51295 | Crypt:3  | Entered Level 3 of the Crypt
 51400 | Crypt:3  | Reached XP level 24. HP: 154/154 MP: 21/21
 51556 | Crypt:3  | Identified the ring "Piestr Doci" {rC+ Will+ Int+3}
 52230 | Crypt:3  | Found a basalt altar of Yredelemnul.
 52425 | Crypt:3  | Found a staircase to the Tomb.
 52594 | Crypt:3  | Found the +7 staff of the Meek {protect, meekguard}
 52606 | Crypt:3  | Identified the amulet "Teroiruj" {Faith Will+ Int+2}
 52618 | Crypt:3  | Identified the ring of the Original Sin {rN+ Str+3}
 52618 | Crypt:3  | Identified the ring of Brawling {rElec rN+ Will+ MP-9}
 52629 | Crypt:3  | Upgraded the game from 0.31-a0-1372-gc720559 to
                  | 0.31-a0-1376-g36f0627
 52910 | Depths:1 | Entered Level 1 of the Depths
 53110 | Depths:1 | Found a one-way gate to the infinite horrors of the Abyss.
 53279 | Depths:1 | Found a one-way gateway to a ziggurat.
 53520 | Depths:1 | Found a gateway to Hell.
 53742 | Depths:2 | Identified the staff of Linearity {rC+ Str+4 SInv Necro
                  | Ice}
 53742 | Depths:2 | Identified the ring "Qaulirha" {Ice Dex+4}
 53742 | Depths:2 | Noticed Josephina
 53742 | Depths:2 | Found Tyheqyhi's Vocational Training.
 53757 | Depths:2 | Killed Josephina
 53936 | Depths:2 | Noticed a juggernaut
 54018 | Depths:2 | Killed a juggernaut
 54031 | Depths:2 | Reached XP level 25. HP: 125/162 MP: 21/21
 54101 | Depths:2 | Found Perseus's Dragon-Slaying Spoils.
 54179 | Depths:2 | Found a one-way gate leading to the halls of Pandemonium.
 54314 | Depths:2 | Found Meuwkak's Antique Armour Emporium.
 54792 | Depths:3 | Found Isahoyra's Weapon Shop.
 54894 | Depths:3 | Reached skill level 27 in Fighting
 54894 | Depths:3 | Found the +5 glaive of the Guard {elec, spectral}
 54896 | Depths:3 | Reached skill level 27 in Unarmed Combat
 55204 | D:5      | Fell from the grace of Trog
 55204 | D:5      | Became a worshipper of the Shining One
 55402 | Orc:1    | Bought a book of Battle for 416 gold pieces
 55407 | Orc:1    | Learned a level 4 spell: Manifold Assault
 55550 | Orc:1    | Bought a book of Transmutation for 448 gold pieces
 55758 | Vaults:5 | Got the Encyclopedia of the Fifty Suns
 55800 | Vaults:5 | Learned a level 2 spell: Blink
 55966 | Tomb:1   | Entered Level 1 of the Tomb of the Ancients
 55973 | Tomb:1   | Reached skill level 1 in Translocations
 55981 | Tomb:1   | Reached skill level 1 in Spellcasting
 56061 | Tomb:1   | Reached * piety under the Shining One
 56125 | Tomb:1   | Reached skill level 1 in Invocations
 56138 | Tomb:1   | Reached ** piety under the Shining One
 56356 | Tomb:1   | Noticed a royal mummy
 56364 | Tomb:1   | Killed a royal mummy
 56365 | Tomb:1   | Reached skill level 5 in Translocations
 56368 | Tomb:1   | Reached *** piety under the Shining One
 56391 | Tomb:1   | Noticed a royal mummy
 56391 | Tomb:1   | Paralysed by a Zot trap for 3 turns
 56398 | Tomb:1   | Killed a royal mummy
 56402 | Tomb:1   | Gained mutation: Your spells are easier to cast, but less
                  | powerful. [mutagenic glow]
 56421 | Tomb:1   | Gained mutation: Your body sometimes deteriorates upon
                  | taking damage. [mutagenic glow]
 56426 | Tomb:1   | Gained mutation: You have hidden genetic defects.
                  | [mutagenic glow]
 56453 | Tomb:1   | Gained mutation: You are dopey. (Int -2) [mutagenic glow]
 56475 | Tomb:1   | Reached **** piety under the Shining One
 56685 | Tomb:1   | Lost mutation: You have a pair of small antennae on your
                  | head. [potion of mutation]
 56685 | Tomb:1   | Lost mutation: You are partially covered in large bone
                  | plates. (SH +4) [potion of mutation]
 56685 | Tomb:1   | Lost mutation: You have hidden genetic defects. [potion of
                  | mutation]
 56686 | Tomb:1   | Lost mutation: You are agile. (Dex +4, Str/Int -1) [potion
                  | of mutation]
 56686 | Tomb:1   | Lost mutation: You are vulnerable to cold. (rC-) [potion of
                  | mutation]
 56686 | Tomb:1   | Gained mutation: You passively dampen the noise of your
                  | surroundings. [potion of mutation]
 56687 | Tomb:1   | Lost mutation: You possess an exceptional clarity of mind.
                  | [potion of mutation]
 56687 | Tomb:1   | Lost mutation: Your magical capacity is low. (-10% MP)
                  | [potion of mutation]
 56687 | Tomb:1   | Gained mutation: Your magical capacity is low. (-10% MP)
                  | [potion of mutation]
 56688 | Tomb:1   | Lost mutation: You are dopey. (Int -2) [potion of mutation]
 56688 | Tomb:1   | Lost mutation: Your magical capacity is low. (-10% MP)
                  | [potion of mutation]
 56688 | Tomb:1   | Gained mutation: You are vulnerable to cold. (rC-) [potion
                  | of mutation]
 56688 | Tomb:1   | Gained mutation: Your health recovers twice as slowly from
                  | being drained. [potion of mutation]
 56688 | Tomb:1   | Gained mutation: You have a somewhat thin skeletal
                  | structure. (Dex +2, Stealth+) [potion of mutation]
 56689 | Tomb:1   | Lost mutation: You are vulnerable to cold. (rC-) [potion of
                  | mutation]
 56689 | Tomb:1   | Lost mutation: Your health recovers twice as slowly from
                  | being drained. [potion of mutation]
 56689 | Tomb:1   | Lost mutation: You have a somewhat thin skeletal structure.
                  | (Dex +2, Stealth+) [potion of mutation]
 56735 | Tomb:2   | Noticed a royal mummy
 56735 | Tomb:2   | Noticed a royal mummy
 56741 | Tomb:2   | Noticed a royal mummy
 56751 | Tomb:2   | Killed a royal mummy
 56753 | Tomb:2   | Killed a royal mummy
 56754 | Tomb:2   | Reached ***** piety under the Shining One
 56758 | Tomb:2   | Killed a royal mummy
 56795 | Tomb:2   | Reached skill level 5 in Invocations
 56799 | Tomb:2   | Noticed a royal mummy
 56806 | Tomb:2   | Killed a royal mummy
 56807 | Tomb:2   | Reached skill level 5 in Spellcasting
 56889 | Tomb:2   | Reached ****** piety under the Shining One
 57216 | Tomb:1   | Noticed a royal mummy
 57217 | Tomb:1   | Noticed a royal mummy
 57221 | Tomb:1   | Killed a royal mummy
 57224 | Tomb:1   | Killed a royal mummy
 57226 | Tomb:1   | Noticed a royal mummy
 57232 | Tomb:1   | Killed a royal mummy
 57256 | Tomb:1   | Noticed a royal mummy
 57280 | Tomb:1   | Killed a royal mummy
 57287 | Tomb:1   | Noticed a royal mummy
 57293 | Tomb:1   | Killed a royal mummy
 57295 | Tomb:1   | Noticed a royal mummy
 57302 | Tomb:1   | Killed a royal mummy
 57302 | Tomb:1   | Noticed a royal mummy
 57302 | Tomb:1   | Noticed a royal mummy
 57307 | Tomb:1   | Noticed a royal mummy
 57309 | Tomb:1   | Killed a royal mummy
 57309 | Tomb:1   | Noticed a royal mummy
 57310 | Tomb:1   | Reached skill level 10 in Translocations
 57316 | Tomb:1   | Killed a royal mummy
 57318 | Tomb:1   | Killed a royal mummy
 57323 | Tomb:1   | Killed a royal mummy
 57335 | Tomb:1   | Noticed a royal mummy
 57339 | Tomb:1   | Killed a royal mummy
 57377 | Tomb:1   | Noticed a royal mummy
 57383 | Tomb:1   | Killed a royal mummy
 57391 | Tomb:1   | Noticed a royal mummy
 57397 | Tomb:1   | Killed a royal mummy
 57403 | Tomb:1   | Noticed a royal mummy
 57404 | Tomb:1   | Noticed a royal mummy
 57411 | Tomb:1   | Killed a royal mummy
 57412 | Tomb:1   | Reached XP level 26. HP: 95/169 MP: 34/34
 57415 | Tomb:1   | Killed a royal mummy
 57421 | Tomb:1   | Noticed a royal mummy
 57427 | Tomb:1   | Killed a royal mummy
 57542 | Tomb:1   | Noticed a royal mummy
 57544 | Tomb:1   | Noticed a royal mummy
 57548 | Tomb:1   | Killed a royal mummy
 57553 | Tomb:1   | Killed a royal mummy
 57757 | Tomb:3   | Entered Level 3 of the Tomb of the Ancients
 57762 | Tomb:3   | Found the +6 lightning scales {swift, rElec}
 57762 | Tomb:3   | Found the +2 hood of the Assassin {Detect Stab+ Stlth++}
 57762 | Tomb:3   | Found the +8 pair of quick blades "Gyre" and "Gimble"
                  | {protect}
 57890 | Tomb:3   | Noticed a royal mummy
 57895 | Tomb:3   | Killed a royal mummy
 57982 | Tomb:3   | Noticed a royal mummy
 58000 | Tomb:3   | Killed a royal mummy
 58028 | Tomb:3   | Noticed a royal mummy
 58039 | Tomb:3   | Killed a royal mummy
 58080 | Tomb:3   | Noticed a royal mummy
 58092 | Tomb:3   | Killed a royal mummy
 58178 | Tomb:3   | Noticed a royal mummy
 58186 | Tomb:3   | Killed a royal mummy
 58468 | Tomb:3   | Noticed a royal mummy
 58481 | Tomb:3   | Killed a royal mummy
 58676 | Tomb:3   | Identified the orb of Action {*Rage, Dex+3}
 58677 | Tomb:3   | Identified the amulet "Besmuuv" {Reflect -Cast rN+ Will++
                  | Regen+ SH+5}
 58833 | Tomb:3   | Identified the ring of Temptation {MP+9 Int+3}
 58862 | Tomb:3   | Identified the +3 glaive of Strategic Superiority {heavy,
                  | ^Fragile Fly rElec Str+5}
 58940 | Tomb:3   | Noticed a royal mummy
 58946 | Tomb:3   | Noticed a royal mummy
 58967 | Tomb:3   | Killed a royal mummy
 58972 | Tomb:3   | Killed a royal mummy
 59005 | Tomb:3   | Got a golden rune of Zot
 59711 | Pan      | Entered Pandemonium
 59711 | Pan      | Noticed Bainolea the pandemonium lord
 59719 | Pan      | Killed Bainolea the pandemonium lord
 59847 | Pan      | Reached skill level 10 in Spellcasting
 59987 | Pan      | Reached skill level 15 in Translocations
 60835 | Pan      | Identified the +2 rapier "Meteacke" {freeze, Dex+4}
 61035 | Pan      | Gained mutation: Your body often deteriorates upon taking
                  | damage. [a cacodemon]
 61130 | Pan      | Reached XP level 27. HP: 149/174 MP: 27/39
 61131 | Pan      | Noticed Xoskecw the pandemonium lord
 61141 | Pan      | Killed Xoskecw the pandemonium lord
 61313 | Pan      | Got a demonic rune of Zot
 61742 | Pan      | Lost mutation: You passively dampen the noise of your
                  | surroundings. [potion of mutation]
 61742 | Pan      | Lost mutation: Your spells are easier to cast, but less
                  | powerful. [potion of mutation]
 61742 | Pan      | Gained mutation: Your magical capacity is low. (-10% MP)
                  | [potion of mutation]
 61743 | Pan      | Lost mutation: Your magical capacity is low. (-10% MP)
                  | [potion of mutation]
 61743 | Pan      | Lost mutation: Your body often deteriorates upon taking
                  | damage. [potion of mutation]
 61743 | Pan      | Gained mutation: Your health recovers twice as slowly from
                  | being drained. [potion of mutation]
 61744 | Pan      | Lost mutation: Your body sometimes deteriorates upon taking
                  | damage. [potion of mutation]
 61744 | Pan      | Lost mutation: Your health recovers twice as slowly from
                  | being drained. [potion of mutation]
 61744 | Pan      | Gained mutation: You occasionally lose the ability to read
                  | scrolls when taking damage. [potion of mutation]
 61744 | Pan      | Lost mutation: Your spells are a little easier to cast, but
                  | a little less powerful. [potion of mutation]
 61744 | Pan      | Gained mutation: You are partially covered in iridescent
                  | scales. (AC +2) [potion of mutation]
 61745 | Pan      | Lost mutation: You are partially covered in iridescent
                  | scales. (AC +2) [potion of mutation]
 61745 | Pan      | Lost mutation: You occasionally lose the ability to read
                  | scrolls when taking damage. [potion of mutation]
 61745 | Pan      | Gained mutation: You are strong-willed. (Will+) [potion of
                  | mutation]
 61745 | Pan      | Gained mutation: You possess an exceptional clarity of
                  | mind. [potion of mutation]
 61745 | Pan      | Gained mutation: You are highly strong-willed. (Will++)
                  | [potion of mutation]
 61792 | Pan      | Identified the ring of Hune Cyu {rElec rPois rC- rN+ SInv}
 62376 | Pan      | Found an exit through the horrors of the Abyss.
 62580 | Pan      | Entered the realm of Mnoleg.
 62814 | Pan      | Gained mutation: You are occasionally teleported next to
                  | monsters. [a cacodemon]
 62816 | Pan      | Noticed Mnoleg
 62830 | Pan      | Killed Mnoleg
 62953 | Pan      | Gained mutation: You occasionally lose the ability to drink
                  | potions when taking damage. [a cacodemon]
 63189 | Pan      | Got a glowing rune of Zot
 63663 | Pan      | Learned a level 4 spell: Passage of Golubria
 63669 | Pan      | Learned a level 5 spell: Yara's Violent Unravelling
 63773 | Pan      | Reached skill level 1 in Hexes
 63847 | Pan      | Noticed Xazutal the pandemonium lord
 63855 | Pan      | Killed Xazutal the pandemonium lord
 64023 | Pan      | Was forgiven by Trog
 64440 | Pan      | Noticed Danomeb the pandemonium lord
 64447 | Pan      | Killed Danomeb the pandemonium lord
 64448 | Pan      | Reached skill level 5 in Hexes
 64472 | Pan      | Gained mutation: You occasionally lose the ability to read
                  | scrolls when taking damage. [a neqoxec]
 64477 | Pan      | Lost mutation: You possess an exceptional clarity of mind.
                  | [potion of mutation]
 64477 | Pan      | Lost mutation: You are highly strong-willed. (Will++)
                  | [potion of mutation]
 64477 | Pan      | Gained mutation: You have hidden genetic potential. [potion
                  | of mutation]
 64477 | Pan      | Gained mutation: You occasionally shout uncontrollably at
                  | your foes. [potion of mutation]
 64477 | Pan      | Lost mutation: You have hidden genetic potential. [potion
                  | of mutation]
 64477 | Pan      | Gained mutation: Your flesh is heat resistant. (rF+)
                  | [potion of mutation]
 64478 | Pan      | Lost mutation: You occasionally lose the ability to read
                  | scrolls when taking damage. [potion of mutation]
 64478 | Pan      | Lost mutation: Your flesh is heat resistant. (rF+) [potion
                  | of mutation]
 64478 | Pan      | Lost mutation: You occasionally shout uncontrollably at
                  | your foes. [potion of mutation]
 64478 | Pan      | Gained mutation: Your spells are a little easier to cast,
                  | but a little less powerful. [potion of mutation]
 64478 | Pan      | Lost mutation: Your spells are a little easier to cast, but
                  | a little less powerful. [potion of mutation]
 64819 | Pan      | Gained mutation: You are frail. (-10% HP) [a neqoxec]
 64996 | Pan      | Found an exit through the horrors of the Abyss.
 65008 | Pan      | Identified the +0 robe "Ekkiru" {+Inv rN+}
 65541 | Pan      | Noticed Esoren the pandemonium lord
 65552 | Pan      | Killed Esoren the pandemonium lord
 66903 | Pan      | Noticed Ceth the pandemonium lord
 66913 | Pan      | Killed Ceth the pandemonium lord
 66921 | Pan      | Gained mutation: You occasionally lose the ability to read
                  | scrolls when taking damage. [a neqoxec]
 67062 | Pan      | Reached skill level 15 in Spellcasting
 67430 | Pan      | Found a runed translucent door.
 67438 | Pan      | Found a runed translucent door.
 67442 | Pan      | Found a runed translucent door.
 67445 | Pan      | Found a runed translucent door.
 67452 | Pan      | Entered the realm of Gloorx Vloq.
 67485 | Pan      | Found an exit through the horrors of the Abyss.
 67889 | Pan      | Noticed Gloorx Vloq
 67910 | Pan      | Killed Gloorx Vloq
 67945 | Pan      | Got a dark rune of Zot
 68149 | Pan      | Noticed Larr the pandemonium lord
 68159 | Pan      | Killed Larr the pandemonium lord
 68290 | Pan      | Acquired a manual of Invocations
 68347 | Pan      | Entered the realm of Cerebov.
 68623 | Pan      | Identified the +10 mace of Righteous Fury {venom, ^Fragile
                  | rF+ SInv}
 69014 | Pan      | Identified the +7 trident of the Futuristic God {antimagic,
                  | rN+}
 69016 | Pan      | Found the +6 sword of Cerebov {flame}
 69016 | Pan      | Noticed Cerebov
 69032 | Pan      | Killed Cerebov
 69289 | Pan      | Got a fiery rune of Zot
 69605 | Pan      | Identified the +8 flail "Gyal" {flame, Str+2 Int+3 Dex+3}
 69966 | Pan      | Found an exit through the horrors of the Abyss.
 70048 | Pan      | Noticed Bearomitt the pandemonium lord
 70059 | Pan      | Killed Bearomitt the pandemonium lord
 70062 | Pan      | Gained mutation: Your spells are a little harder to cast,
                  | but a little more powerful. [a neqoxec]
 70136 | Pan      | Entered the realm of Lom Lobon.
 70136 | Pan      | Found an exit through the horrors of the Abyss.
 70228 | Pan      | Found an exit through the horrors of the Abyss.
 70485 | Pan      | Noticed Lom Lobon
 70498 | Pan      | Killed Lom Lobon
 70518 | Pan      | Got a magical rune of Zot
 70634 | Pan      | Took an exit into the Abyss.
 70634 | Abyss:1  | Escaped into the Abyss
 70677 | Abyss:1  | Found a corrupted altar of Lugonu.
 70699 | Abyss:2  | Found a corrupted altar of Lugonu.
 70757 | Abyss:3  | Found a radiant altar of Vehumet.
 70874 | Abyss:4  | Noticed a dread lich
 70878 | Abyss:4  | Killed a dread lich
 71066 | Abyss:4  | Found a hazy altar of Hepliaklqana.
 71083 | Abyss:4  | Found a corrupted altar of Lugonu.
 71124 | Abyss:4  | Got an abyssal rune of Zot
 71156 | Abyss:4  | Found a hazy altar of Hepliaklqana.
 71164 | Abyss:4  | Paralysed by accursed screaming for 2 turns
 71222 | Abyss:5  | Found a corrupted altar of Lugonu.
 71317 | Depths:2 | Escaped the Abyss
 71321 | Depths:2 | Lost mutation: You occasionally lose the ability to read
                  | scrolls when taking damage. [potion of mutation]
 71321 | Depths:2 | Lost mutation: You occasionally lose the ability to drink
                  | potions when taking damage. [potion of mutation]
 71321 | Depths:2 | Lost mutation: You are occasionally teleported next to
                  | monsters. [potion of mutation]
 71322 | Depths:2 | Lost mutation: Your spells are a little harder to cast, but
                  | a little more powerful. [potion of mutation]
 71322 | Depths:2 | Lost mutation: You are frail. (-10% HP) [potion of
                  | mutation]
 71322 | Depths:2 | Lost mutation: You are strong-willed. (Will+) [potion of
                  | mutation]
 71322 | Depths:2 | Gained mutation: You occasionally lose the ability to read
                  | scrolls when taking damage. [potion of mutation]
 71322 | Depths:2 | Gained mutation: You possess an exceptional clarity of
                  | mind. [potion of mutation]
 71381 | Hell     | Entered the Vestibule of Hell
 71381 | Hell     | Noticed Geryon
 71389 | Hell     | Gained mutation: Your flesh is heat resistant. (rF+) [a
                  | cacodemon]
 71391 | Hell     | Noticed Murray
 71407 | Hell     | Killed Murray
 71408 | Hell     | Was placed under penance by the Shining One
 71416 | Hell     | Killed Geryon
 71419 | Hell     | Was forgiven by the Shining One
 71653 | Hell     | Found a gateway to the decaying netherworld of Tartarus.
 71805 | Hell     | Found a gateway to the ashen valley of Gehenna.
 71915 | Hell     | Found a gateway to the Iron City of Dis.
 72018 | Hell     | Found a gateway to the freezing wastes of Cocytus.
 72144 | Geh:1    | Entered Level 1 of Gehenna
 72498 | Geh:2    | Reached skill level 10 in Invocations
 72528 | Geh:2    | Noticed a dread lich
 72533 | Geh:2    | Killed a dread lich
 72696 | Geh:3    | Noticed a juggernaut
 72696 | Geh:3    | Noticed a juggernaut
 72702 | Geh:3    | Killed a juggernaut
 72706 | Geh:3    | Killed a juggernaut
 73358 | Geh:5    | You fall into a shaft and drop 1 floor!
 73588 | Geh:7    | Entered Level 7 of Gehenna
 73812 | Geh:7    | Reached skill level 15 in Invocations
 74425 | Geh:7    | Identified the +9 flail of Bloodstone {freeze, rF+ rN++
                  | Int-2 Dex+2}
 74425 | Geh:7    | Identified the +2 ice dragon scales "Wugax" {rF- rC++ rN++
                  | Int+2}
 74531 | Geh:7    | Identified the ring "Keoliob" {*Slow rPois rN+ Will+ SInv}
 74756 | Geh:7    | Found the +13 sceptre of Asmodeus
 74756 | Geh:7    | Identified the ring "Oxtel" {Int+4 Dex+6}
 74756 | Geh:7    | Noticed Asmodeus
 74767 | Geh:7    | Killed Asmodeus
 74826 | Geh:7    | Got an obsidian rune of Zot
 75367 | Coc:1    | Entered Level 1 of Cocytus
 76841 | Coc:5    | Noticed an ancient lich
 76846 | Coc:5    | Killed an ancient lich
 77592 | Coc:7    | Entered Level 7 of Cocytus
 78144 | Coc:7    | Noticed the Serpent of Hell
 78163 | Coc:7    | Killed the Serpent of Hell
 78489 | Coc:7    | Reached skill level 27 in Dodging
 78615 | Coc:7    | Identified the +11 great sword "Woesey" {heavy, Int+2 SInv}
 78615 | Coc:7    | Noticed Antaeus
 78668 | Coc:7    | Killed Antaeus
 78764 | Coc:7    | Got an icy rune of Zot
 78976 | Tar:1    | Entered Level 1 of Tartarus
 80062 | Tar:5    | You fall into a shaft and drop 1 floor!
 80369 | Tar:7    | Entered Level 7 of Tartarus
 80697 | Tar:7    | Reached skill level 27 in Spellcasting
 81500 | Tar:7    | Noticed Ereshkigal
 81527 | Tar:7    | Killed Ereshkigal
 81713 | Tar:7    | Got a bone rune of Zot
 83086 | Dis:1    | Entered Level 1 of the Iron City of Dis
 83373 | Dis:2    | Noticed a juggernaut
 83381 | Dis:2    | Killed a juggernaut
 83634 | Dis:2    | Noticed an ancient lich
 83637 | Dis:2    | Killed an ancient lich
 83762 | Dis:2    | Noticed an ancient lich
 83767 | Dis:2    | Killed an ancient lich
 84307 | Dis:4    | Noticed an ancient lich
 84311 | Dis:4    | Noticed an ancient lich
 84314 | Dis:4    | Killed an ancient lich
 84315 | Dis:4    | Reached skill level 15 in Evocations
 84320 | Dis:4    | Killed an ancient lich
 84393 | Dis:4    | Noticed an ancient lich
 84395 | Dis:4    | Noticed a dread lich
 84398 | Dis:4    | Killed an ancient lich
 84398 | Dis:4    | Noticed an ancient lich
 84399 | Dis:4    | Noticed an ancient lich
 84402 | Dis:4    | Killed a dread lich
 84402 | Dis:4    | Noticed an ancient lich
 84405 | Dis:4    | Noticed a dread lich
 84407 | Dis:4    | Killed an ancient lich
 84408 | Dis:4    | Noticed an ancient lich
 84409 | Dis:4    | Killed an ancient lich
 84412 | Dis:4    | Killed an ancient lich
 84415 | Dis:4    | Killed a dread lich
 84421 | Dis:4    | Killed an ancient lich
 85491 | Dis:7    | Entered Level 7 of the Iron City of Dis
 85940 | Dis:7    | Noticed a juggernaut
 85945 | Dis:7    | Killed a juggernaut
 85994 | Dis:7    | Got the Notes on Bolts
 85999 | Dis:7    | Identified the ring of Xom's Whimsicality {^Contam rElec
                  | rC+++ Int+2 SInv}
 86011 | Dis:7    | Identified the ring "Nuakk" {rPois rCorr Slay+4}
 87065 | Dis:7    | Noticed a juggernaut
 87065 | Dis:7    | Noticed Dispater
 87077 | Dis:7    | Killed a juggernaut
 87087 | Dis:7    | Killed Dispater
 87299 | Dis:7    | Got an iron rune of Zot
 88358 | Depths:2 | Bought a manual of Evocations for 1280 gold pieces
 88358 | Depths:2 | Bought a manual of Invocations for 1280 gold pieces
 88764 | Depths:4 | Entered Level 4 of the Depths
 89184 | Depths:4 | Found Naub's Weapon Emporium.
 89276 | Depths:4 | Found Ruol's Antique Armour Shop.
 89288 | Depths:4 | Found Connasir's Assorted Antiques.
 89302 | Depths:4 | Bought a potion of brilliance for 136 gold pieces
 89475 | Depths:4 | Found a gate to the Realm of Zot.
 89753 | Zot:1    | Entered Level 1 of the Realm of Zot
 90164 | Zot:1    | Found the +4 dragonskin cloak
 90164 | Zot:1    | Noticed Tiamat
 90183 | Zot:1    | Killed Tiamat
 90388 | Zot:1    | Noticed an orb of fire
 90391 | Zot:1    | Noticed an orb of fire
 90391 | Zot:1    | Noticed an orb of fire
 90395 | Zot:1    | Killed an orb of fire
 90399 | Zot:1    | Killed an orb of fire
 90404 | Zot:1    | Killed an orb of fire
 90929 | Zot:2    | Identified the +3 trident of the Oily God {freeze, MP+9
                  | Str-3 Dex+3}
 91361 | Zot:2    | Acquired 1005 gold pieces
 92015 | Zot:3    | Got the Secrets of Evil and the Beaker
 92024 | Zot:3    | Got the Elucidation of Venomous Sciomancy
 93595 | Zot:5    | Entered Level 5 of the Realm of Zot
 93901 | Zot:5    | Noticed an orb of fire
 93909 | Zot:5    | Killed an orb of fire
 93911 | Zot:5    | Noticed an ancient lich
 93919 | Zot:5    | Killed an ancient lich
 93919 | Zot:5    | Noticed an orb of fire
 93925 | Zot:5    | Gained mutation: You are clumsy. (Dex -2) [an orb of fire]
 93925 | Zot:5    | Noticed an orb of fire
 93927 | Zot:5    | Killed an orb of fire
 93927 | Zot:5    | Noticed an ancient lich
 93929 | Zot:5    | Gained mutation: Your spells are a little harder to cast,
                  | but a little more powerful. [an orb of fire]
 93930 | Zot:5    | Killed an orb of fire
 93932 | Zot:5    | Killed an ancient lich
 93948 | Zot:5    | Reached skill level 27 in Shapeshifting
 94086 | Zot:5    | Got the Orb of Zot
 94274 | Zot:2    | Noticed Qafetosch the pandemonium lord
 94280 | Zot:2    | Killed Qafetosch the pandemonium lord
 94336 | Depths:4 | Noticed Arieforph the pandemonium lord
 94339 | Depths:4 | Killed Arieforph the pandemonium lord
 94438 | D:14     | Noticed Veosch Waboy the pandemonium lord
 94451 | D:14     | Killed Veosch Waboy the pandemonium lord
 94726 | D:3      | Noticed a seraph
 94731 | D:3      | Killed a seraph
 94787 | D:$      | Escaped with the Orb!

Illustrated notes

Levels and vault maps discovered:
D:1:      tarquinn_simple_flora_water_c, layout_basic,
          hellmonk_ecumenical_altar_slurped_away
D:2:      layout_loops_ring, uniq_natasha, uniq_jessica
D:3:      kennysheep_the_goblin_king, layout_loops_ring, xom_teletrap_fun,
          grunt_ministairs_3, minmay_misc_feat_five, minmay_misc_feat_chi,
          minivault_23, dk_noncrumbling_3, uniq_sigmund
D:4:      layout_rooms, kennysheep_little_box, temple_hall, serial_shops,
          nicolae_shop_overgrown_old_shop, dk_noncrumbling_4,
          kennysheep_generic_room_7
D:5:      layout_basic, dreamdust_divine_triumvirate, lightli_temple_of_fire,
          uniq_ijyb, uniq_menkaure
D:6:      layout_loops_ring, mainiacjoe_overflow_alcove_4,
          serial_co_window_serial, co_window_corner_a, co_window_paths_a,
          co_window_corner_a, co_window_paths_a, co_window_paths_b,
          co_window_corner_ca, co_window_broadway_a, co_window_broadway_c,
          co_window_corner_b, glass_columns_a, glass_columns_a,
          nicolae_ea-nasir_strikes_again
D:7:      minmay_razor_zed, layout_basic, mainiacjoe_overflow_tiny_flanked,
          serial_library_hellmonk_octagon, uniq_pikel, uniq_maggie
D:8:      layout_loops_ring, kennysheep_generic_room_3
D:9:      layout_roguey, mainiacjoe_overflow_paths,
          nemelex_xobeh_ov_fountains_minmay, lair_entry_dummy,
          hangedman_abyss_or_decor_stabs
D:10:     layout_grid_maze, mainiacjoe_overflow_small_starburst,
          chequers_temple_overflow_statue_of_worship, orc_0_dummy,
          enter_bailey_2
D:11:     layout_cave_pods, serial_shops, shop, nicolae_tricolors, uniq_urug
D:12:     layout_gridville, uniq_psyche
D:13:     layout_gridville, hellmonk_vaults_attempted_burglary,
          hangedman_feature_mirror
D:14:     layout_basic, nicolae_dithmenos_shadow_blocks,
          minmay_fractal_squares_gapless_5
D:15:     grunt_enter_depths_snipers, layout_gridville, grunt_qazlal_clouds
Temple:   hellmonk_temple_forest_ring
Lair:1:   hellmonk_destroyed_diamonds, layout_cave_pods
Lair:2:   layout_roguey [special_room_bee], minmay_snake_entry_six_corridors,
          enter_volcano_2, serial_bayou_pond_c
Lair:3:   layout_chaotic_city, elwin_shoals_entry_rooms, minivault_23,
          lemuel_fruit_tree, serial_bayou_shore_a, infiniplex_staircase_pool_2
Lair:4:   layout_layer_cave, serial_bayou_pond_e, cheibrodos_lair_reptile_den,
          uniq_rupert
Lair:5:   evilmike_catoblepas_cave, layout_regular_city, slime_entry_1,
          gammafunk_ghost_hydra_chop, lemuel_fruit_fields, lemuel_fruit_fields
Shoals:1: layout_shoals, nicolae_shoals_water_shrine
Shoals:2: layout_shoals, uniq_roxanne
Shoals:3: layout_shoals
Shoals:4: shoals_end_grunt_garden, layout_shoals, shoals_ilsuiw_ice,
          ebering_ghost_inner_flame, serial_shops, nicolae_shop_hallway_stairs,
          nicolae_shop_waterfront, nicolae_shoals_stone_sculpture_thing,
          uniq_mlioglotl
Snake:1:  layout_layer_cave
Snake:2:  layout_cave_shapes, uniq_saint_roka
Snake:3:  layout_misc_corridors, drop_trap, nrook_loot_triangle,
          nicolae_snake_omega
Snake:4:  johnstein_snake_rune_scales, layout_cave_town
Slime:1:  layout_caves
Slime:2:  layout_caves
Slime:3:  layout_caves, nicolae_slime_welcoming_committee
Slime:4:  layout_caves
Slime:5:  slime_pit_nicolae_inversion
Orc:1:    nicolae_orc_accident_1, layout_diamond_mine, serial_shops, shop, shop,
          shop
Orc:2:    st_orc_mages, layout_diamond_mine, hangedman_minor_magic
Elf:1:    eino_elf_arrival_shootout, layout_gridlike, mu_enter_wizlab_1,
          minmay_elf_sorcery, minivault_24
Elf:2:    elven_hall_of_blades_hangedman_original [nicolae_blade_tridents],
          layout_loops_corners, serial_shops, nicolae_shop_drivethru,
          grunt_ministairs_9, uniq_azrael, uniq_agnes
Elf:3:    minmay_elf_hall_furrowed, layout_loops_corners, basic_altar,
          serial_shops, shop, grunt_megastairs_2, uniq_mara
Vaults:1: nicolae_vaults_yaktaur_gun_rack, hangedman_vaults_snaps,
          nicolae_vaults_border_crossing, dpeg_vaults_monster_box,
          nicolae_vaults_trapezoid_layered, nicolae_vaults_little_squares_6,
          nicolae_vaults_weapon_check, nicolae_vaults_murder_corner,
          ontoclasm_vaults_decontamination, layout_vaults_quadrants,
          serial_shops, shop_fountains, uniq_aizul
Vaults:2: nicolae_vaults_wrenched, grunt_vaults_twisty, v_misc_33, v_rooms_4,
          v_misc_33, hellmonk_guarded_unrand_gong, nicolae_vaults_puzzle_piece,
          vaults_dpeg_encased_lava, nicolae_vaults_octothorpe,
          nicolae_vaults_house_2, serial_ice_b, nicolae_vaults_trapezoid_1,
          layout_vaults_ring, serial_shops, shop, uniq_zenata
Vaults:3: v_misc_11, ontoclasm_vaults_shout, v_misc_14,
          minmay_crypt_entry_necro_gods, ontoclasm_vaults_hangar,
          nicolae_vaults_apartment_1, nicolae_vaults_tetromino_T_1, v_pattern_5,
          nicolae_vaults_alarming, vaults_room_grunt_arrival_checkpoint,
          layout_vaults_omnicross, serial_shops, shop
Vaults:4: vaults_mumra_minichess_inversion, nicolae_vaults_storage_closets_3,
          v_misc_14, nicolae_vaults_hexular_roomagon,
          nicolae_vaults_offset_grid_hallway_4, v_misc_12, v_misc_28,
          hangedman_vaults_cutoff, v_misc_13, v_misc_22,
          hangedman_vaults_corner, nicolae_vaults_theta, vaults_room_semicircle,
          nicolae_vaults_tetromino_L_1, layout_vaults_omnibox
Vaults:5
Crypt:1:  layout_gridlike
Crypt:2:  layout_misc_corridors, uniq_frederick, uniq_sojobo
Crypt:3:  due_elkab, layout_chaotic_city, lemuel_hellish_altar
Tomb:1
Tomb:2
Tomb:3
Depths:1: layout_cave_shapes, enter_ziggurat_c, hellmouth_3, abyss_entry,
          nicolae_kite_square_tiling_tiny, evilmike_ambush
          [evilmike_ambush_outer_basic, evilmike_ambush_inner_basic]
Depths:2: evilmike_pillar_path, layout_cave_pools, minmay_room_of_horrors,
          serial_shops, nicolae_shop_competitors_out_of_business,
          rand_demon_pan_entry_3, pf_vacation_house_of_asmodeus,
          nicolae_shop_dragon_depot, nicolae_shop_vocational, uniq_josephina
Depths:3: minmay_shoctagon, layout_cave_pools, abyss_entry_small_statue_room,
          minmay_misc_feat_ornament, serial_shops, shop, hell_entry,
          minislime_mu
Depths:4: lemuel_castle_with_subvaults [lemuel_castle_interior_carwin_2],
          layout_gridville, hell_entry, rand_demon_pan_entry_8, serial_shops,
          nicolae_shop_advertising_works [nicolae_subvault_shop_adworks], shop,
          shop_fountains
Hell
Dis:1:    layout_subdivisions
Dis:2:    hangedman_iron_city_apartments
Dis:3:    layout_gridville, nicolae_hells_fiendish_ambush
Dis:4:    layout_regular_city, nicolae_hells_leichenhalle
Dis:5:    layout_jigsaw
Dis:6:    layout_subdivisions
Dis:7:    dis_st
Geh:1:    layout_gehenna_lava_caves
Geh:2:    layout_gehenna_lava_caves
Geh:3:    nicolae_hells_titanomachy
Geh:4:    layout_gehenna_pools_triple
Geh:5:    layout_gehenna_pools_box
Geh:6:    layout_gehenna_lava_caves
Geh:7:    geh_grunt_pentagon
Coc:1:    layout_cocytus_water_paths
Coc:2:    layout_ice_bergs
Coc:3:    layout_ice_bergs
Coc:4:    layout_cocytus_water_paths
Coc:5:    layout_cocytus_water_paths
Coc:6:    layout_ice_bergs
Coc:7:    coc_grunt
Tar:1:    layout_cathedral_of_symmetry
Tar:2:    layout_grid_maze
Tar:3:    layout_cathedral_of_symmetry, nicolae_tar_cuneiform_sun
Tar:4:    layout_catacombs, nicolae_tar_cuneiform_bird
Tar:5:    layout_grid_maze
Tar:6:    layout_catacombs, nicolae_tar_cuneiform_city
Tar:7:    tar_mu [tar_mu_maze]
Zot:1:    layout_onion_interference, lemuel_lake_of_fire, uniq_tiamat
Zot:2:    layout_gridlike, regret_index_zot_stipple_split, lemuel_elevator,
          grunt_megastairs_3
Zot:3:    regret_index_all_hallows'_manor, layout_gridlike, lemuel_elevator
Zot:4:    lemuel_halls_of_wrath, layout_twisted_circle
Zot:5:    layout_basic

Skill      XL: |  1  2  3  4  5  6  7  8  9 10 11 12 13 14 15 16 17 18 19 20 21 22 23 24 25 26 27 |
---------------+----------------------------------------------------------------------------------+-----
Unarmed Combat | 4 5 6 8 10 11 13 14 16 17 18 19 20 21 22 23 25 26 27 | 27.0
Stealth        | 2 4 7 9 |  9.0
Dodging        | 5 6 12 15 19 21 22 23 24 27 | 27.0
Fighting       | 4 6 8 10 11 13 16 17 18 19 21 22 23 25 26 27 | 27.0
Shapeshifting  | 1 6 8 11 13 15 16 17 27 | 27.0
Evocations     | 5 8 10 25 | 25.9
Translocations | 11 16 19 | 19.7
Spellcasting   | 7 11 27 | 27.0
Invocations    | 7 8 26 | 26.2
Hexes          | 6 |  6.0

Action                     |  1- 3 |  4- 6 |  7- 9 | 10-12 | 13-15 | 16-18 | 19-21 | 22-24 | 25-27 || total
---------------------------+-------+-------+-------+-------+-------+-------+-------+-------+-------++-------
  Melee: Unarmed           |    69 |   109 |   239 |   705 |  1132 |   946 |  1219 |  1146 |  5866 || 11431
         Bite              |     4 |    15 |    21 |   116 |    26 |    83 |   161 |   153 |   620 ||  1199
         Punch             |       |     4 |    12 |    58 |    21 |    84 |   186 |   233 |   875 ||  1473
         Constrict         |       |       |       |       |   199 |    58 |       |       |       ||   257
         Tailslap          |       |       |       |       |       |       |    73 |   105 |       ||   178
   Cast: Manifold Assault  |       |       |       |       |       |       |       |       |  1599 ||  1599
 Invoke: Berserk           |       |     6 |    10 |    13 |    20 |    11 |     9 |     7 |       ||    76
         Trog's Hand       |       |     1 |     3 |     8 |    11 |    23 |    30 |    26 |       ||   102
         Brothers in Arms  |       |       |       |       |       |     6 |     5 |     6 |     1 ||    18
         Cleansing Flame   |       |       |       |       |       |       |       |       |     7 ||     7
         Summon Divine War |       |       |       |       |       |       |       |       |     1 ||     1
Ability: Begin Untransform |       |       |       |     1 |       |       |       |       |       ||     1
         Breathe Fire      |       |       |       |       |       |       |     1 |       |       ||     1
         Evoke Blink       |       |       |       |       |       |       |       |       |     4 ||     4
  Evoke: Wand              |       |       |     7 |    33 |    13 |    11 |     9 |     2 |     8 ||    83
         Phantom mirror    |       |       |       |       |     1 |     1 |       |       |     2 ||     4
         Lightning rod     |       |       |       |       |       |       |     4 |       |     6 ||    10
         Box of beasts     |       |       |       |       |       |       |       |     1 |     1 ||     2
         Condenser vane    |       |       |       |       |       |       |       |       |     2 ||     2
    Use: Scroll            |       |       |       |     9 |    22 |     7 |    13 |     3 |    25 ||    79
         Potion            |       |       |       |       |       |     5 |     3 |     5 |    28 ||    41
   Stab: Sleeping          |     2 |    11 |    10 |     8 |     4 |     7 |    17 |    13 |     2 ||    74
         Paralysed         |       |       |     2 |     3 |       |       |       |       |       ||     5
         Distracted        |       |       |       |     1 |     3 |     1 |     8 |     2 |     2 ||    17
         Petrified         |       |       |       |       |    14 |       |       |       |       ||    14
         Invisible         |       |       |       |       |       |       |       |     3 |       ||     3
 Armour: Skin              |    11 |    41 |    63 |   187 |   699 |   654 |   585 |   436 |  2146 ||  4822
  Dodge: Dodged            |    54 |    70 |   148 |   601 |   854 |  1241 |  1729 |  1305 |  7786 || 13788
  Block: Other             |       |       |       |       |       |       |    37 |    99 |    42 ||   178
   Form: Flux              |       |       |     2 |     1 |       |       |       |       |       ||     3
                           |       |       |     2 |       |     1 |     1 |     1 |       |       ||     5
         Serpent           |       |       |       |       |     2 |     1 |       |       |       ||     3
         Statue            |       |       |       |       |       |     3 |     2 |     1 |       ||     6
         Dragon            |       |       |       |       |       |       |     2 |       |       ||     2

Table legend: (Time is in decaauts)
 A = Elapsed time spent in this place.
 B = Non-inter-level travel time spent in this place.
 C = Inter-level travel time spent in this place.
 D = Time resting spent in this place.
 E = Time spent auto-exploring this place.
 F = Levels seen in this place.
 G = Mean time per level.
                   A        B        C        D        E       F      G
               +--------+--------+--------+--------+--------+-----+--------+
         Total | 119425 | 106179 |  13246 |   8240 |  72541 | 115 | 1038.5 |
       Dungeon |  18060 |  14758 |   3302 |   1740 |  10449 |  15 | 1204.0 |
        Temple |      1 |      1 |      0 |      0 |      0 |   1 |    1.0 |
          Lair |   7231 |   6328 |    903 |    550 |   4211 |   5 | 1446.2 |
        Shoals |   5137 |   4527 |    610 |     72 |   3162 |   4 | 1284.2 |
     Snake Pit |   5621 |   5328 |    293 |    885 |   3136 |   4 | 1405.2 |
    Slime Pits |   4222 |   3490 |    732 |    279 |   2479 |   5 |  844.4 |
  Orcish Mines |   2239 |   1480 |    759 |     43 |   1057 |   2 | 1119.5 |
   Elven Halls |   5862 |   5147 |    715 |    430 |   3479 |   3 | 1954.0 |
        Vaults |   7823 |   6792 |   1031 |    871 |   4541 |   5 | 1564.6 |
         Crypt |   4740 |   3579 |   1161 |     53 |   2650 |   3 | 1580.0 |
          Tomb |   4624 |   4274 |    350 |   1041 |   2040 |   3 | 1541.3 |
        Depths |   5365 |   4566 |    799 |     88 |   3173 |   4 | 1341.2 |
          Hell |   1319 |   1042 |    277 |      0 |    832 |   1 | 1319.0 |
           Dis |   7135 |   6693 |    442 |     46 |   5806 |   7 | 1019.3 |
       Gehenna |   3913 |   3597 |    316 |    433 |   2556 |   7 |  559.0 |
       Cocytus |   5307 |   5006 |    301 |    624 |   3416 |   7 |  758.1 |
      Tartarus |   5815 |   5089 |    726 |      3 |   4504 |   7 |  830.7 |
           Zot |   6340 |   5817 |    523 |    219 |   4493 |   5 | 1268.0 |
         Abyss |    889 |    889 |      0 |      0 |    306 |   5 |  177.8 |
   Pandemonium |  15145 |  15145 |      0 |    549 |   9197 |  19 |  797.1 |
        Bailey |    437 |    437 |      0 |     97 |    146 |   1 |  437.0 |
       Volcano |    482 |    482 |      0 |     77 |     55 |   1 |  482.0 |
        Wizlab |   1708 |   1708 |      0 |    135 |    846 |   1 | 1708.0 |
               +--------+--------+--------+--------+--------+-----+--------+

Top non-repeatable levels by time:
   Tar:7: 3879 daAuts
   Dis:7: 3787 daAuts
  Lair:5: 2597 daAuts
   Elf:3: 2378 daAuts
 Crypt:3: 2219 daAuts
   Elf:2: 2087 daAuts
Vaults:5: 2038 daAuts
   Coc:7: 2038 daAuts
 Snake:4: 1931 daAuts
   Geh:7: 1905 daAuts
    D:14: 1897 daAuts
    D:10: 1896 daAuts
  Tomb:3: 1858 daAuts
  Tomb:1: 1851 daAuts
     D:7: 1728 daAuts
